Workbook

Sheet Modulo1_Remuneração
B2: MÓDULO 1 - REMUNERAÇÃO
B4: Grupo | C4: Descrição | D4: Unidade de Medida | E4: Quantidade | F4: Piso Salarial | G4: Insalubridade | H4: Periculosidade | I4: Total da Remuneração | J4: Custo Total Mês
B5: I | C5: Auxiliar de pedreiro | D5: Posto de Serviço | E5: 3 | I5: =F5+(F5*G5)+(F5*H5) -> 0 | J5: =I5*E5 -> 0 | K5: RN000083/2024
B6: I | C6: Auxiliar manutenção geral | D6: Posto de Serviço | E6: 40 | I6: =F6+(F6*G6)+(F6*H6) -> 0 | J6: =I6*E6 -> 0 | K6: RN000083/2024
B7: I | C7: Auxiliar serviços gerais | D7: Posto de Serviço | E7: 2 | I7: =F7+(F7*G7)+(F7*H7) -> 0 | J7: =I7*E7 -> 0 | K7: RN000083/2024
B8: I | C8: Leiturista | D8: Posto de Serviço | E8: 30 | I8: =F8+(F8*G8)+(F8*H8) -> 0 | J8: =I8*E8 -> 0 | K8: RN000083/2024
B9: II | C9: Auxiliar eletricista | D9: Posto de Serviço | E9: 2 | I9: =F9+(F9*G9)+(F9*H9) -> 0 | J9: =I9*E9 -> 0 | K9: RN000083/2024
B10: III | C10: Copeiro | D10: Posto de Serviço | E10: 1 | I10: =F10+(F10*G10)+(F10*H10) -> 0 | J10: =I10*E10 -> 0 | K10: RN000083/2024
B11: III | C11: Mecânico em manutenção | D11: Posto de Serviço | E11: 1 | I11: =F11+(F11*G11)+(F11*H11) -> 0 | J11: =I11*E11 -> 0 | K11: RN000083/2024
B12: III | C12: Porteiro desarmado | D12: Posto de Serviço | E12: 1 | I12: =F12+(F12*G12)+(F12*H12) -> 0 | J12: =I12*E12 -> 0 | K12: RN000083/2024
B13: IV | C13: Assistente Técnico de Secretariado | D13: Posto de Serviço | E13: 1 | I13: =F13+(F13*G13)+(F13*H13) -> 0 | J13: =I13*E13 -> 0 | K13: RN000083/2024
B14: IV | C14: Auxiliar manutenção predial | D14: Posto de Serviço | E14: 2 | I14: =F14+(F14*G14)+(F14*H14) -> 0 | J14: =I14*E14 -> 0 | K14: RN000083/2024
B15: IV | C15: Eletricista | D15: Posto de Serviço | E15: 2 | I15: =F15+(F15*G15)+(F15*H15) -> 0 | J15: =I15*E15 -> 0 | K15: RN000083/2024
B16: IV | C16: Pedreiro | D16: Posto de Serviço | E16: 3 | I16: =F16+(F16*G16)+(F16*H16) -> 0 | J16: =I16*E16 -> 0 | K16: RN000083/2024
... B18: IV | C18: Técnico de saneamento | D18: Posto de Serviço | E18: 1 | I18: =F18+(F18*G18)+(F18*H18) -> 0 | J18: =I18*E18 -> 0 | K18: RN000083/2024
C19: Técnico de informatica | D19: Posto de Serviço | E19: 1 | I19: =F19+(F19*G19)+(F19*H19) -> 0 | J19: =I19*E19 -> 0 | K19: RN000175/2024
C20: Total | E20: =SUM(E5:E19) -> 91 | I20: =SUM(I5:I19) -> 0 | J20: =SUM(J5:J19) -> 0
B21: Fonte Piso Salarial: NÚMERO DE REGISTRO NO MTE: RN000083/2024. RN000175/2024.
B22: Modelo de planilha - Ministério da Economia - SEGES - Caderno Técnico - Limpeza - Rio Grande do Norte - 2019

Sheet Modulo2.1_Encargos
B2: Submódulo 2.1 – 13º Salário, Férias e Adicional de Férias
B4: 13º SALÁRIO
B5: Grupo | C5: Descrição | D5: Unidade de Medida | E5: Quantidade | F5: Base de Cálculo | G5: Provisionamento Mensal | H5: Valor | I5: Custo Total
B6: I | C6: Auxiliar de pedreiro | D6: Posto de Serviço | E6: 3 | F6: =Modulo1_Remuneração!I5 -> 0 | G6: 0.0833 | H6: =F6*G6 -> 0 | I6: =H6*E6 -> 0
B7: I | C7: Auxiliar manutenção geral | D7: Posto de Serviço | E7: 40 | F7: =Modulo1_Remuneração!I6 -> 0 | G7: 0.0833 | H7: =F7*G7 -> 0 | I7: =H7*E7 -> 0
B8: I | C8: Auxiliar serviços gerais | D8: Posto de Serviço | E8: 2 | F8: =Modulo1_Remuneração!I7 -> 0 | G8: 0.0833 | H8: =F8*G8 -> 0 | I8: =H8*E8 -> 0
B9: I | C9: Leiturista | D9: Posto de Serviço | E9: 30 | F9: =Modulo1_Remuneração!I8 -> 0 | G9: 0.0833 | H9: =F9*G9 -> 0 | I9: =H9*E9 -> 0
B10: II | C10: Auxiliar eletricista | D10: Posto de Serviço | E10: 2 | F10: =Modulo1_Remuneração!I9 -> 0 | G10: 0.0833 | H10: =F10*G10 -> 0 | I10: =H10*E10 -> 0
B11: III | C11: Copeiro | D11: Posto de Serviço | E11: 1 | F11: =Modulo1_Remuneração!I10 -> 0 | G11: 0.0833 | H11: =F11*G11 -> 0 | I11: =H11*E11 -> 0
B12: III | C12: Mecânico em manutenção | D12: Posto de Serviço | E12: 1 | F12: =Modulo1_Remuneração!I11 -> 0 | G12: 0.0833 | H12: =F12*G12 -> 0 | I12: =H12*E12 -> 0
B13: III | C13: Porteiro desarmado | D13: Posto de Serviço | E13: 1 | F13: =Modulo1_Remuneração!I12 -> 0 | G13: 0.0833 | H13: =F13*G13 -> 0 | I13: =H13*E13 -> 0
B14: IV | C14: Assistente Técnico de Secretariado | D14: Posto de Serviço | E14: 1 | F14: =Modulo1_Remuneração!I13 -> 0 | G14: 0.0833 | H14: =F14*G14 -> 0 | I14: =H14*E14 -> 0
B15: IV | C15: Auxiliar manutenção predial | D15: Posto de Serviço | E15: 2 | F15: =Modulo1_Remuneração!I14 -> 0 | G15: 0.0833 | H15: =F15*G15 -> 0 | I15: =H15*E15 -> 0
B16: IV | C16: Eletricista | D16: Posto de Serviço | E16: 2 | F16: =Modulo1_Remuneração!I15 -> 0 | G16: 0.0833 | H16: =F16*G16 -> 0 | I16: =H16*E16 -> 0
B17: IV | C17: Pedreiro | D17: Posto de Serviço | E17: 3 | F17: =Modulo1_Remuneração!I16 -> 0 | G17: 0.0833 | H17: =F17*G17 -> 0 | I17: =H17*E17 -> 0
... B19: IV | C19: Técnico de saneamento | D19: Posto de Serviço | E19: 1 | F19: =Modulo1_Remuneração!I18 -> 0 | G19: 0.0833 | H19: =F19*G19 -> 0 | I19: =H19*E19 -> 0
C20: Técnico de informatica | D20: Posto de Serviço | E20: 1 | F20: =Modulo1_Remuneração!I19 -> 0 | G20: 0.0833 | H20: =F20*G20 -> 0 | I20: =H20*E20 -> 0
C21: Total | E21: =SUM(E6:E20) -> 91 | I21: =SUM(I6:I20) -> 0
B23: FÉRIAS
B24: Grupo | C24: Descrição | D24: Unidade de Medida | E24: Quantidade | F24: Base de Cálculo | G24: Provisionamento Mensal | H24: Valor | I24: Custo Total
B25: I | C25: Auxiliar de pedreiro | D25: Posto de Serviço | E25: 3 | F25: =Modulo1_Remuneração!I5 -> 0 | G25: 0.0833 | H25: =F25*G25 -> 0 | I25: =H25*E25 -> 0
B26: I | C26: Auxiliar manutenção geral | D26: Posto de Serviço | E26: 40 | F26: =Modulo1_Remuneração!I6 -> 0 | G26: 0.0833 | H26: =F26*G26 -> 0 | I26: =H26*E26 -> 0
B27: I | C27: Auxiliar serviços gerais | D27: Posto de Serviço | E27: 2 | F27: =Modulo1_Remuneração!I7 -> 0 | G27: 0.0833 | H27: =F27*G27 -> 0 | I27: =H27*E27 -> 0
B28: I | C28: Leiturista | D28: Posto de Serviço | E28: 30 | F28: =Modulo1_Remuneração!I8 -> 0 | G28: 0.0833 | H28: =F28*G28 -> 0 | I28: =H28*E28 -> 0
B29: II | C29: Auxiliar eletricista | D29: Posto de Serviço | E29: 2 | F29: =Modulo1_Remuneração!I9 -> 0 | G29: 0.0833 | H29: =F29*G29 -> 0 | I29: =H29*E29 -> 0
B30: III | C30: Copeiro | D30: Posto de Serviço | E30: 1 | F30: =Modulo1_Remuneração!I10 -> 0 | G30: 0.0833 | H30: =F30*G30 -> 0 | I30: =H30*E30 -> 0
B31: III | C31: Mecânico em manutenção | D31: Posto de Serviço | E31: 1 | F31: =Modulo1_Remuneração!I11 -> 0 | G31: 0.0833 | H31: =F31*G31 -> 0 | I31: =H31*E31 -> 0
B32: III | C32: Porteiro desarmado | D32: Posto de Serviço | E32: 1 | F32: =Modulo1_Remuneração!I12 -> 0 | G32: 0.0833 | H32: =F32*G32 -> 0 | I32: =H32*E32 -> 0
B33: IV | C33: Assistente Técnico de Secretariado | D33: Posto de Serviço | E33: 1 | F33: =Modulo1_Remuneração!I13 -> 0 | G33: 0.0833 | H33: =F33*G33 -> 0 | I33: =H33*E33 -> 0
B34: IV | C34: Auxiliar manutenção predial | D34: Posto de Serviço | E34: 2 | F34: =Modulo1_Remuneração!I14 -> 0 | G34: 0.0833 | H34: =F34*G34 -> 0 | I34: =H34*E34 -> 0
B35: IV | C35: Eletricista | D35: Posto de Serviço | E35: 2 | F35: =Modulo1_Remuneração!I15 -> 0 | G35: 0.0833 | H35: =F35*G35 -> 0 | I35: =H35*E35 -> 0
B36: IV | C36: Pedreiro | D36: Posto de Serviço | E36: 3 | F36: =Modulo1_Remuneração!I16 -> 0 | G36: 0.0833 | H36: =F36*G36 -> 0 | I36: =H36*E36 -> 0
... B38: IV | C38: Técnico de saneamento | D38: Posto de Serviço | E38: 1 | F38: =Modulo1_Remuneração!I18 -> 0 | G38: 0.0833 | H38: =F38*G38 -> 0 | I38: =H38*E38 -> 0
C39: Técnico de informatica | D39: Posto de Serviço | E39: 1 | F39: =Modulo1_Remuneração!I19 -> 0 | G39: 0.0833 | H39: =F39*G39 -> 0 | I39: =H39*E39 -> 0
C40: Total | E40: =SUM(E25:E39) -> 91 | I40: =SUM(I25:I39) -> 0
B42: ADICIONAL DE FÉRIAS
B43: Grupo | C43: Descrição | D43: Unidade de Medida | E43: Quantidade | F43: Base de Cálculo | G43: Alíquota do Adicional | H43: Provisionamento Mensal | I43: Valor | J43: Custo Total
B44: I | C44: Auxiliar de pedreiro | D44: Posto de Serviço | E44: 3 | F44: =Modulo1_Remuneração!I5 -> 0 | G44: 0.3333 | H44: 0.0833 | I44: =F44*G44*H44 -> 0 | J44: =I44*E44 -> 0
B45: I | C45: Auxiliar manutenção geral | D45: Posto de Serviço | E45: 40 | F45: =Modulo1_Remuneração!I6 -> 0 | G45: 0.3333 | H45: 0.0833 | I45: =F45*G45*H45 -> 0 | J45: =I45*E45 -> 0
B46: I | C46: Auxiliar serviços gerais | D46: Posto de Serviço | E46: 2 | F46: =Modulo1_Remuneração!I7 -> 0 | G46: 0.3333 | H46: 0.0833 | I46: =F46*G46*H46 -> 0 | J46: =I46*E46 -> 0
B47: I | C47: Leiturista | D47: Posto de Serviço | E47: 30 | F47: =Modulo1_Remuneração!I8 -> 0 | G47: 0.3333 | H47: 0.0833 | I47: =F47*G47*H47 -> 0 | J47: =I47*E47 -> 0
B48: II | C48: Auxiliar eletricista | D48: Posto de Serviço | E48: 2 | F48: =Modulo1_Remuneração!I9 -> 0 | G48: 0.3333 | H48: 0.0833 | I48: =F48*G48*H48 -> 0 | J48: =I48*E48 -> 0
B49: III | C49: Copeiro | D49: Posto de Serviço | E49: 1 | F49: =Modulo1_Remuneração!I10 -> 0 | G49: 0.3333 | H49: 0.0833 | I49: =F49*G49*H49 -> 0 | J49: =I49*E49 -> 0
B50: III | C50: Mecânico em manutenção | D50: Posto de Serviço | E50: 1 | F50: =Modulo1_Remuneração!I11 -> 0 | G50: 0.3333 | H50: 0.0833 | I50: =F50*G50*H50 -> 0 | J50: =I50*E50 -> 0
B51: III | C51: Porteiro desarmado | D51: Posto de Serviço | E51: 1 | F51: =Modulo1_Remuneração!I12 -> 0 | G51: 0.3333 | H51: 0.0833 | I51: =F51*G51*H51 -> 0 | J51: =I51*E51 -> 0
B52: IV | C52: Assistente Técnico de Secretariado | D52: Posto de Serviço | E52: 1 | F52: =Modulo1_Remuneração!I13 -> 0 | G52: 0.3333 | H52: 0.0833 | I52: =F52*G52*H52 -> 0 | J52: =I52*E52 -> 0
B53: IV | C53: Auxiliar manutenção predial | D53: Posto de Serviço | E53: 2 | F53: =Modulo1_Remuneração!I14 -> 0 | G53: 0.3333 | H53: 0.0833 | I53: =F53*G53*H53 -> 0 | J53: =I53*E53 -> 0
B54: IV | C54: Eletricista | D54: Posto de Serviço | E54: 2 | F54: =Modulo1_Remuneração!I15 -> 0 | G54: 0.3333 | H54: 0.0833 | I54: =F54*G54*H54 -> 0 | J54: =I54*E54 -> 0
B55: IV | C55: Pedreiro | D55: Posto de Serviço | E55: 3 | F55: =Modulo1_Remuneração!I16 -> 0 | G55: 0.3333 | H55: 0.0833 | I55: =F55*G55*H55 -> 0 | J55: =I55*E55 -> 0
... B57: IV | C57: Técnico de saneamento | D57: Posto de Serviço | E57: 1 | F57: =Modulo1_Remuneração!I18 -> 0 | G57: 0.3333 | H57: 0.0833 | I57: =F57*G57*H57 -> 0 | J57: =I57*E57 -> 0
C58: Técnico de informatica | D58: Posto de Serviço | E58: 1 | F58: =Modulo1_Remuneração!I19 -> 0 | G58: 0.3333 | H58: 0.0833 | I58: =F58*G58*H58 -> 0 | J58: =I58*E58 -> 0
C59: Total | E59: =SUM(E44:E58) -> 91 | J59: =SUM(J44:J58) -> 0
B61: RESUMO DO MÓDULO 2.1
B62: Grupo | C62: Descrição | D62: Unidade de Medida | E62: Quantidade | F62: 13º Salário | G62: Férias | H62: Adicional de Férias | I62: Total Benefícios | J62: Custo Total do Módulo
B63: I | C63: Auxiliar de pedreiro | D63: Posto de Serviço | E63: 3 | F63: =H6 -> 0 | G63: =H25 -> 0 | H63: =I44 -> 0 | I63: =F63+G63+H63 -> 0 | J63: =I63*E63 -> 0
B64: I | C64: Auxiliar manutenção geral | D64: Posto de Serviço | E64: 40 | F64: =H7 -> 0 | G64: =H26 -> 0 | H64: =I45 -> 0 | I64: =F64+G64+H64 -> 0 | J64: =I64*E64 -> 0
B65: I | C65: Auxiliar serviços gerais | D65: Posto de Serviço | E65: 2 | F65: =H8 -> 0 | G65: =H27 -> 0 | H65: =I46 -> 0 | I65: =F65+G65+H65 -> 0 | J65: =I65*E65 -> 0
B66: I | C66: Leiturista | D66: Posto de Serviço | E66: 30 | F66: =H9 -> 0 | G66: =H28 -> 0 | H66: =I47 -> 0 | I66: =F66+G66+H66 -> 0 | J66: =I66*E66 -> 0
B67: II | C67: Auxiliar eletricista | D67: Posto de Serviço | E67: 2 | F67: =H10 -> 0 | G67: =H29 -> 0 | H67: =I48 -> 0 | I67: =F67+G67+H67 -> 0 | J67: =I67*E67 -> 0
B68: III | C68: Copeiro | D68: Posto de Serviço | E68: 1 | F68: =H11 -> 0 | G68: =H30 -> 0 | H68: =I49 -> 0 | I68: =F68+G68+H68 -> 0 | J68: =I68*E68 -> 0
B69: III | C69: Mecânico em manutenção | D69: Posto de Serviço | E69: 1 | F69: =H12 -> 0 | G69: =H31 -> 0 | H69: =I50 -> 0 | I69: =F69+G69+H69 -> 0 | J69: =I69*E69 -> 0
B70: III | C70: Porteiro desarmado | D70: Posto de Serviço | E70: 1 | F70: =H13 -> 0 | G70: =H32 -> 0 | H70: =I51 -> 0 | I70: =F70+G70+H70 -> 0 | J70: =I70*E70 -> 0
B71: IV | C71: Assistente Técnico de Secretariado | D71: Posto de Serviço | E71: 1 | F71: =H14 -> 0 | G71: =H33 -> 0 | H71: =I52 -> 0 | I71: =F71+G71+H71 -> 0 | J71: =I71*E71 -> 0
B72: IV | C72: Auxiliar manutenção predial | D72: Posto de Serviço | E72: 2 | F72: =H15 -> 0 | G72: =H34 -> 0 | H72: =I53 -> 0 | I72: =F72+G72+H72 -> 0 | J72: =I72*E72 -> 0
B73: IV | C73: Eletricista | D73: Posto de Serviço | E73: 2 | F73: =H16 -> 0 | G73: =H35 -> 0 | H73: =I54 -> 0 | I73: =F73+G73+H73 -> 0 | J73: =I73*E73 -> 0
B74: IV | C74: Pedreiro | D74: Posto de Serviço | E74: 3 | F74: =H17 -> 0 | G74: =H36 -> 0 | H74: =I55 -> 0 | I74: =F74+G74+H74 -> 0 | J74: =I74*E74 -> 0
... B76: IV | C76: Técnico de saneamento | D76: Posto de Serviço | E76: 1 | F76: =H19 -> 0 | G76: =H38 -> 0 | H76: =I57 -> 0 | I76: =F76+G76+H76 -> 0 | J76: =I76*E76 -> 0
C77: Técnico de informatica | D77: Posto de Serviço | E77: 1 | F77: =H20 -> 0 | G77: =H39 -> 0 | H77: =I58 -> 0 | I77: =F77+G77+H77 -> 0 | J77: =I77*E77 -> 0
C78: Total | E78: =SUM(E63:E77) -> 91 | F78: =SUM(F63:F77) -> 0 | G78: =SUM(G63:G77) -> 0 | H78: =SUM(H63:H77) -> 0 | I78: =SUM(I63:I77) -> 0 | J78: =SUM(J63:J77) -> 0

Sheet Modulo2.2_Encargos
B2: Submódulo 2.2 – Guia da Previdência Social – GPS e Fundo de Garantia por Tempo de Serviço – FGTS
B4: GPS
B5: Grupo | C5: Descrição | D5: Unidade de Medida | E5: Quantidade | F5: Base de Cálculo | G5: Provisionamento Mensal | H5: Valor | I5: Custo Total | L5: Encargos | M5: Percentual
B6: I | C6: Auxiliar de pedreiro | D6: Posto de Serviço | E6: 3 | F6: =Modulo1_Remuneração!I5+Modulo2.1_Encargos!I63 -> 0 | G6: =$M$13 -> 0.288 | H6: =F6*G6 -> 0 | I6: =H6*E6 -> 0 | L6: INSS - empregador | M6: 0.2
B7: I | C7: Auxiliar manutenção geral | D7: Posto de Serviço | E7: 40 | F7: =Modulo1_Remuneração!I6+Modulo2.1_Encargos!I64 -> 0 | G7: =$M$13 -> 0.288 | H7: =F7*G7 -> 0 | I7: =H7*E7 -> 0 | L7: Salário-Educação | M7: 0.025
B8: I | C8: Auxiliar serviços gerais | D8: Posto de Serviço | E8: 2 | F8: =Modulo1_Remuneração!I7+Modulo2.1_Encargos!I65 -> 0 | G8: =$M$13 -> 0.288 | H8: =F8*G8 -> 0 | I8: =H8*E8 -> 0 | L8: SAT- GIL/RAT | M8: 0.03
B9: I | C9: Leiturista | D9: Posto de Serviço | E9: 30 | F9: =Modulo1_Remuneração!I8+Modulo2.1_Encargos!I66 -> 0 | G9: =$M$13 -> 0.288 | H9: =F9*G9 -> 0 | I9: =H9*E9 -> 0 | L9: SESC | M9: 0.015
B10: II | C10: Auxiliar eletricista | D10: Posto de Serviço | E10: 2 | F10: =Modulo1_Remuneração!I9+Modulo2.1_Encargos!I67 -> 0 | G10: =$M$13 -> 0.288 | H10: =F10*G10 -> 0 | I10: =H10*E10 -> 0 | L10: SENAC | M10: 0.01
B11: III | C11: Copeiro | D11: Posto de Serviço | E11: 1 | F11: =Modulo1_Remuneração!I10+Modulo2.1_Encargos!I68 -> 0 | G11: =$M$13 -> 0.288 | H11: =F11*G11 -> 0 | I11: =H11*E11 -> 0 | L11: SEBRAE | M11: 0.006
B12: III | C12: Mecânico em manutenção | D12: Posto de Serviço | E12: 1 | F12: =Modulo1_Remuneração!I11+Modulo2.1_Encargos!I69 -> 0 | G12: =$M$13 -> 0.288 | H12: =F12*G12 -> 0 | I12: =H12*E12 -> 0 | L12: INCRA | M12: 0.002
B13: III | C13: Porteiro desarmado | D13: Posto de Serviço | E13: 1 | F13: =Modulo1_Remuneração!I12+Modulo2.1_Encargos!I70 -> 0 | G13: =$M$13 -> 0.288 | H13: =F13*G13 -> 0 | I13: =H13*E13 -> 0 | L13: Total | M13: =SUM(M6:M12) -> 0.288
B14: IV | C14: Assistente Técnico de Secretariado | D14: Posto de Serviço | E14: 1 | F14: =Modulo1_Remuneração!I13+Modulo2.1_Encargos!I71 -> 0 | G14: =$M$13 -> 0.288 | H14: =F14*G14 -> 0 | I14: =H14*E14 -> 0
B15: IV | C15: Auxiliar manutenção predial | D15: Posto de Serviço | E15: 2 | F15: =Modulo1_Remuneração!I14+Modulo2.1_Encargos!I72 -> 0 | G15: =$M$13 -> 0.288 | H15: =F15*G15 -> 0 | I15: =H15*E15 -> 0
B16: IV | C16: Eletricista | D16: Posto de Serviço | E16: 2 | F16: =Modulo1_Remuneração!I15+Modulo2.1_Encargos!I73 -> 0 | G16: =$M$13 -> 0.288 | H16: =F16*G16 -> 0 | I16: =H16*E16 -> 0
B17: IV | C17: Pedreiro | D17: Posto de Serviço | E17: 3 | F17: =Modulo1_Remuneração!I16+Modulo2.1_Encargos!I74 -> 0 | G17: =$M$13 -> 0.288 | H17: =F17*G17 -> 0 | I17: =H17*E17 -> 0
B18: IV | C18: Supervisor | D18: Posto de Serviço | E18: 1 | F18: =Modulo1_Remuneração!I17+Modulo2.1_Encargos!I75 -> 0 | G18: =$M$13 -> 0.288 | H18: =F18*G18 -> 0 | I18: =H18*E18 -> 0
B19: IV | C19: Técnico de saneamento | D19: Posto de Serviço | E19: 1 | F19: =Modulo1_Remuneração!I18+Modulo2.1_Encargos!I76 -> 0 | G19: =$M$13 -> 0.288 | H19: =F19*G19 -> 0 | I19: =H19*E19 -> 0
C20: Técnico de informatica | D20: Posto de Serviço | E20: 1 | F20: =Modulo1_Remuneração!I19+Modulo2.1_Encargos!I77 -> 0 | G20: =$M$13 -> 0.288 | H20: =F20*G20 -> 0 | I20: =H20*E20 -> 0
C21: Total | E21: =SUM(E6:E20) -> 91 | H21: =SUM(H6:H20) -> 0 | I21: =SUM(I6:I20) -> 0
B23: FGTS
B24: Grupo | C24: Descrição | D24: Unidade de Medida | E24: Quantidade | F24: Base de Cálculo | G24: Provisionamento Mensal | H24: Valor | I24: Custo Total
B25: I | C25: Auxiliar de pedreiro | D25: Posto de Serviço | E25: 3 | F25: =Modulo1_Remuneração!I5+Modulo2.1_Encargos!I63 -> 0 | G25: 0.08 | H25: =F25*G25 -> 0 | I25: =H25*E25 -> 0
B26: I | C26: Auxiliar manutenção geral | D26: Posto de Serviço | E26: 40 | F26: =Modulo1_Remuneração!I6+Modulo2.1_Encargos!I64 -> 0 | G26: 0.08 | H26: =F26*G26 -> 0 | I26: =H26*E26 -> 0
B27: I | C27: Auxiliar serviços gerais | D27: Posto de Serviço | E27: 2 | F27: =Modulo1_Remuneração!I7+Modulo2.1_Encargos!I65 -> 0 | G27: 0.08 | H27: =F27*G27 -> 0 | I27: =H27*E27 -> 0
B28: I | C28: Leiturista | D28: Posto de Serviço | E28: 30 | F28: =Modulo1_Remuneração!I8+Modulo2.1_Encargos!I66 -> 0 | G28: 0.08 | H28: =F28*G28 -> 0 | I28: =H28*E28 -> 0
B29: II | C29: Auxiliar eletricista | D29: Posto de Serviço | E29: 2 | F29: =Modulo1_Remuneração!I9+Modulo2.1_Encargos!I67 -> 0 | G29: 0.08 | H29: =F29*G29 -> 0 | I29: =H29*E29 -> 0
B30: III | C30: Copeiro | D30: Posto de Serviço | E30: 1 | F30: =Modulo1_Remuneração!I10+Modulo2.1_Encargos!I68 -> 0 | G30: 0.08 | H30: =F30*G30 -> 0 | I30: =H30*E30 -> 0
B31: III | C31: Mecânico em manutenção | D31: Posto de Serviço | E31: 1 | F31: =Modulo1_Remuneração!I11+Modulo2.1_Encargos!I69 -> 0 | G31: 0.08 | H31: =F31*G31 -> 0 | I31: =H31*E31 -> 0
B32: III | C32: Porteiro desarmado | D32: Posto de Serviço | E32: 1 | F32: =Modulo1_Remuneração!I12+Modulo2.1_Encargos!I70 -> 0 | G32: 0.08 | H32: =F32*G32 -> 0 | I32: =H32*E32 -> 0
B33: IV | C33: Assistente Técnico de Secretariado | D33: Posto de Serviço | E33: 1 | F33: =Modulo1_Remuneração!I13+Modulo2.1_Encargos!I71 -> 0 | G33: 0.08 | H33: =F33*G33 -> 0 | I33: =H33*E33 -> 0
B34: IV | C34: Auxiliar manutenção predial | D34: Posto de Serviço | E34: 2 | F34: =Modulo1_Remuneração!I14+Modulo2.1_Encargos!I72 -> 0 | G34: 0.08 | H34: =F34*G34 -> 0 | I34: =H34*E34 -> 0
B35: IV | C35: Eletricista | D35: Posto de Serviço | E35: 2 | F35: =Modulo1_Remuneração!I15+Modulo2.1_Encargos!I73 -> 0 | G35: 0.08 | H35: =F35*G35 -> 0 | I35: =H35*E35 -> 0
B36: IV | C36: Pedreiro | D36: Posto de Serviço | E36: 3 | F36: =Modulo1_Remuneração!I16+Modulo2.1_Encargos!I74 -> 0 | G36: 0.08 | H36: =F36*G36 -> 0 | I36: =H36*E36 -> 0
... B38: IV | C38: Técnico de saneamento | D38: Posto de Serviço | E38: 1 | F38: =Modulo1_Remuneração!I18+Modulo2.1_Encargos!I76 -> 0 | G38: 0.08 | H38: =F38*G38 -> 0 | I38: =H38*E38 -> 0
C39: Técnico de informatica | D39: Posto de Serviço | E39: 1 | F39: =Modulo1_Remuneração!I19+Modulo2.1_Encargos!I77 -> 0 | G39: 0.08 | H39: =F39*G39 -> 0 | I39: =H39*E39 -> 0
C40: Total | E40: =SUM(E25:E39) -> 91 | H40: =SUM(H25:H39) -> 0 | I40: =SUM(I25:I39) -> 0
B42: RESUMO DO MÓDULO 2.2
B43: Grupo | C43: Descrição | D43: Unidade de Medida | E43: Quantidade | F43: GPS | G43: FGTS | H43: Total Previdência e FGTS | I43: Custo Total
B44: I | C44: Auxiliar de pedreiro | D44: Posto de Serviço | E44: 3 | F44: =H6 -> 0 | G44: =H25 -> 0 | H44: =F44+G44 -> 0 | I44: =H44*E44 -> 0
B45: I | C45: Auxiliar manutenção geral | D45: Posto de Serviço | E45: 40 | F45: =H7 -> 0 | G45: =H26 -> 0 | H45: =F45+G45 -> 0 | I45: =H45*E45 -> 0
B46: I | C46: Auxiliar serviços gerais | D46: Posto de Serviço | E46: 2 | F46: =H8 -> 0 | G46: =H27 -> 0 | H46: =F46+G46 -> 0 | I46: =H46*E46 -> 0
B47: I | C47: Leiturista | D47: Posto de Serviço | E47: 30 | F47: =H9 -> 0 | G47: =H28 -> 0 | H47: =F47+G47 -> 0 | I47: =H47*E47 -> 0
B48: II | C48: Auxiliar eletricista | D48: Posto de Serviço | E48: 2 | F48: =H10 -> 0 | G48: =H29 -> 0 | H48: =F48+G48 -> 0 | I48: =H48*E48 -> 0
B49: III | C49: Copeiro | D49: Posto de Serviço | E49: 1 | F49: =H11 -> 0 | G49: =H30 -> 0 | H49: =F49+G49 -> 0 | I49: =H49*E49 -> 0
B50: III | C50: Mecânico em manutenção | D50: Posto de Serviço | E50: 1 | F50: =H12 -> 0 | G50: =H31 -> 0 | H50: =F50+G50 -> 0 | I50: =H50*E50 -> 0
B51: III | C51: Porteiro desarmado | D51: Posto de Serviço | E51: 1 | F51: =H13 -> 0 | G51: =H32 -> 0 | H51: =F51+G51 -> 0 | I51: =H51*E51 -> 0
B52: IV | C52: Assistente Técnico de Secretariado | D52: Posto de Serviço | E52: 1 | F52: =H14 -> 0 | G52: =H33 -> 0 | H52: =F52+G52 -> 0 | I52: =H52*E52 -> 0
B53: IV | C53: Auxiliar manutenção predial | D53: Posto de Serviço | E53: 2 | F53: =H15 -> 0 | G53: =H34 -> 0 | H53: =F53+G53 -> 0 | I53: =H53*E53 -> 0
B54: IV | C54: Eletricista | D54: Posto de Serviço | E54: 2 | F54: =H16 -> 0 | G54: =H35 -> 0 | H54: =F54+G54 -> 0 | I54: =H54*E54 -> 0
B55: IV | C55: Pedreiro | D55: Posto de Serviço | E55: 3 | F55: =H17 -> 0 | G55: =H36 -> 0 | H55: =F55+G55 -> 0 | I55: =H55*E55 -> 0
... B57: IV | C57: Técnico de saneamento | D57: Posto de Serviço | E57: 1 | F57: =H19 -> 0 | G57: =H38 -> 0 | H57: =F57+G57 -> 0 | I57: =H57*E57 -> 0
C58: Técnico de informatica | D58: Posto de Serviço | E58: 1 | F58: =H20 -> 0 | G58: =H39 -> 0 | H58: =F58+G58 -> 0 | I58: =H58*E58 -> 0
C59: Total | E59: =SUM(E44:E58) -> 91 | F59: =SUM(F44:F58) -> 0 | G59: =SUM(G44:G58) -> 0 | H59: =SUM(H44:H58) -> 0 | I59: =SUM(I44:I58) -> 0

Sheet Modulo2.3_Encargos
B2: Submódulo 2.3 – Benefícios mensais e diários
B4: VALE TRANSPORTE
B6: Custo da Passagem
B7: Grupo | C7: Descrição | D7: Unidade de Medida | E7: Quantidade | F7: Valor Unitário* | G7: Vales por Mês | H7: Valor | I7: Custo Total
B8: I | C8: Auxiliar de pedreiro | D8: Posto de Serviço | E8: 3 | G8: 52 | H8: =F8*G8 -> 0 | I8: =H8*E8 -> 0
B9: I | C9: Auxiliar manutenção geral | D9: Posto de Serviço | E9: 40 | G9: 52 | H9: =F9*G9 -> 0 | I9: =H9*E9 -> 0
B10: I | C10: Auxiliar serviços gerais | D10: Posto de Serviço | E10: 2 | G10: 52 | H10: =F10*G10 -> 0 | I10: =H10*E10 -> 0
B11: I | C11: Leiturista | D11: Posto de Serviço | E11: 30 | G11: 52 | H11: =F11*G11 -> 0 | I11: =H11*E11 -> 0
B12: II | C12: Auxiliar eletricista | D12: Posto de Serviço | E12: 2 | G12: 52 | H12: =F12*G12 -> 0 | I12: =H12*E12 -> 0
B13: III | C13: Copeiro | D13: Posto de Serviço | E13: 1 | G13: 52 | H13: =F13*G13 -> 0 | I13: =H13*E13 -> 0
B14: III | C14: Mecânico em manutenção | D14: Posto de Serviço | E14: 1 | G14: 52 | H14: =F14*G14 -> 0 | I14: =H14*E14 -> 0
B15: III | C15: Porteiro desarmado | D15: Posto de Serviço | E15: 1 | G15: 52 | H15: =F15*G15 -> 0 | I15: =H15*E15 -> 0
B16: IV | C16: Assistente Técnico de Secretariado | D16: Posto de Serviço | E16: 1 | G16: 52 | H16: =F16*G16 -> 0 | I16: =H16*E16 -> 0
B17: IV | C17: Auxiliar manutenção predial | D17: Posto de Serviço | E17: 2 | G17: 52 | H17: =F17*G17 -> 0 | I17: =H17*E17 -> 0
B18: IV | C18: Eletricista | D18: Posto de Serviço | E18: 2 | G18: 52 | H18: =F18*G18 -> 0 | I18: =H18*E18 -> 0
B19: IV | C19: Pedreiro | D19: Posto de Serviço | E19: 3 | G19: 52 | H19: =F19*G19 -> 0 | I19: =H19*E19 -> 0
... B21: IV | C21: Técnico de saneamento | D21: Posto de Serviço | E21: 1 | G21: 52 | H21: =F21*G21 -> 0 | I21: =H21*E21 -> 0
C22: Técnico de informatica | D22: Posto de Serviço | E22: 1 | G22: 52 | H22: =F22*G22 -> 0 | I22: =H22*E22 -> 0
C23: Total | E23: =SUM(E8:E22) -> 91 | H23: =SUM(H8:H22) -> 0 | I23: =SUM(I8:I22) -> 0
B24: *Valor do vale transporte - Portaria nº 7/2024-DER, publicada no DOE nº 15605 em 10/02/2024
B25: Desconto de Vale Transporte
B26: Grupo | C26: Descrição | D26: Unidade de Medida | E26: Quantidade | F26: Piso Salarial | G26: Percentual | H26: Desconto | I26: Custo Total
B27: I | C27: Auxiliar de pedreiro | D27: Posto de Serviço | E27: 3 | F27: =Modulo1_Remuneração!F5 -> 0 | G27: 0.06 | H27: =F27*G27 -> 0 | I27: =H27*E27 -> 0
B28: I | C28: Auxiliar manutenção geral | D28: Posto de Serviço | E28: 40 | F28: =Modulo1_Remuneração!F6 -> 0 | G28: 0.06 | H28: =F28*G28 -> 0 | I28: =H28*E28 -> 0
B29: I | C29: Auxiliar serviços gerais | D29: Posto de Serviço | E29: 2 | F29: =Modulo1_Remuneração!F7 -> 0 | G29: 0.06 | H29: =F29*G29 -> 0 | I29: =H29*E29 -> 0
B30: I | C30: Leiturista | D30: Posto de Serviço | E30: 30 | F30: =Modulo1_Remuneração!F8 -> 0 | G30: 0.06 | H30: =F30*G30 -> 0 | I30: =H30*E30 -> 0
B31: II | C31: Auxiliar eletricista | D31: Posto de Serviço | E31: 2 | F31: =Modulo1_Remuneração!F9 -> 0 | G31: 0.06 | H31: =F31*G31 -> 0 | I31: =H31*E31 -> 0
B32: III | C32: Copeiro | D32: Posto de Serviço | E32: 1 | F32: =Modulo1_Remuneração!F10 -> 0 | G32: 0.06 | H32: =F32*G32 -> 0 | I32: =H32*E32 -> 0
B33: III | C33: Mecânico em manutenção | D33: Posto de Serviço | E33: 1 | F33: =Modulo1_Remuneração!F11 -> 0 | G33: 0.06 | H33: =F33*G33 -> 0 | I33: =H33*E33 -> 0
B34: III | C34: Porteiro desarmado | D34: Posto de Serviço | E34: 1 | F34: =Modulo1_Remuneração!F12 -> 0 | G34: 0.06 | H34: =F34*G34 -> 0 | I34: =H34*E34 -> 0
B35: IV | C35: Assistente Técnico de Secretariado | D35: Posto de Serviço | E35: 1 | F35: =Modulo1_Remuneração!F13 -> 0 | G35: 0.06 | H35: =F35*G35 -> 0 | I35: =H35*E35 -> 0
B36: IV | C36: Auxiliar manutenção predial | D36: Posto de Serviço | E36: 2 | F36: =Modulo1_Remuneração!F14 -> 0 | G36: 0.06 | H36: =F36*G36 -> 0 | I36: =H36*E36 -> 0
B37: IV | C37: Eletricista | D37: Posto de Serviço | E37: 2 | F37: =Modulo1_Remuneração!F15 -> 0 | G37: 0.06 | H37: =F37*G37 -> 0 | I37: =H37*E37 -> 0
B38: IV | C38: Pedreiro | D38: Posto de Serviço | E38: 3 | F38: =Modulo1_Remuneração!F16 -> 0 | G38: 0.06 | H38: =F38*G38 -> 0 | I38: =H38*E38 -> 0
... B40: IV | C40: Técnico de saneamento | D40: Posto de Serviço | E40: 1 | F40: =Modulo1_Remuneração!F18 -> 0 | G40: 0.06 | H40: =F40*G40 -> 0 | I40: =H40*E40 -> 0
C41: Técnico de informatica | D41: Posto de Serviço | E41: 1 | F41: =Modulo1_Remuneração!F19 -> 0 | G41: 0.06 | H41: =F41*G41 -> 0 | I41: =H41*E41 -> 0
C42: Total | E42: =SUM(E27:E41) -> 91 | H42: =SUM(H27:H41) -> 0 | I42: =SUM(I27:I41) -> 0
B44: Custo Efetivo do Vale Transporte
B45: Grupo | C45: Descrição | D45: Unidade de Medida | E45: Quantidade | F45: Custo da Passagem | G45: Desconto | H45: Custo Efetivo | I45: Custo Total
B46: I | C46: Auxiliar de pedreiro | D46: Posto de Serviço | E46: 3 | F46: =H8 -> 0 | G46: =H27 -> 0 | H46: =F46-G46 -> 0 | I46: =H46*E46 -> 0
B47: I | C47: Auxiliar manutenção geral | D47: Posto de Serviço | E47: 40 | F47: =H9 -> 0 | G47: =H28 -> 0 | H47: =F47-G47 -> 0 | I47: =H47*E47 -> 0
B48: I | C48: Auxiliar serviços gerais | D48: Posto de Serviço | E48: 2 | F48: =H10 -> 0 | G48: =H29 -> 0 | H48: =F48-G48 -> 0 | I48: =H48*E48 -> 0
B49: I | C49: Leiturista | D49: Posto de Serviço | E49: 30 | F49: =H11 -> 0 | G49: =H30 -> 0 | H49: =F49-G49 -> 0 | I49: =H49*E49 -> 0
B50: II | C50: Auxiliar eletricista | D50: Posto de Serviço | E50: 2 | F50: =H12 -> 0 | G50: =H31 -> 0 | H50: =F50-G50 -> 0 | I50: =H50*E50 -> 0
B51: III | C51: Copeiro | D51: Posto de Serviço | E51: 1 | F51: =H13 -> 0 | G51: =H32 -> 0 | H51: =F51-G51 -> 0 | I51: =H51*E51 -> 0
B52: III | C52: Mecânico em manutenção | D52: Posto de Serviço | E52: 1 | F52: =H14 -> 0 | G52: =H33 -> 0 | H52: =F52-G52 -> 0 | I52: =H52*E52 -> 0
B53: III | C53: Porteiro desarmado | D53: Posto de Serviço | E53: 1 | F53: =H15 -> 0 | G53: =H34 -> 0 | H53: =F53-G53 -> 0 | I53: =H53*E53 -> 0
B54: IV | C54: Assistente Técnico de Secretariado | D54: Posto de Serviço | E54: 1 | F54: =H16 -> 0 | G54: =H35 -> 0 | H54: =F54-G54 -> 0 | I54: =H54*E54 -> 0
B55: IV | C55: Auxiliar manutenção predial | D55: Posto de Serviço | E55: 2 | F55: =H17 -> 0 | G55: =H36 -> 0 | H55: =F55-G55 -> 0 | I55: =H55*E55 -> 0
B56: IV | C56: Eletricista | D56: Posto de Serviço | E56: 2 | F56: =H18 -> 0 | G56: =H37 -> 0 | H56: =F56-G56 -> 0 | I56: =H56*E56 -> 0
B57: IV | C57: Pedreiro | D57: Posto de Serviço | E57: 3 | F57: =H19 -> 0 | G57: =H38 -> 0 | H57: =F57-G57 -> 0 | I57: =H57*E57 -> 0
... B59: IV | C59: Técnico de saneamento | D59: Posto de Serviço | E59: 1 | F59: =H21 -> 0 | G59: =H40 -> 0 | H59: =F59-G59 -> 0 | I59: =H59*E59 -> 0
C60: Técnico de informatica | D60: Posto de Serviço | E60: 1 | F60: =H22 -> 0 | G60: =H41 -> 0 | H60: =F60-G60 -> 0 | I60: =H60*E60 -> 0
C61: Total | E61: =SUM(E46:E60) -> 91 | F61: =SUM(F46:F60) -> 0 | G61: =SUM(G46:G60) -> 0 | H61: =SUM(H46:H60) -> 0 | I61: =SUM(I46:I60) -> 0
B63: VALE ALIMENTAÇÃO/ REFEIÇÃO
B65: Desconto do Vale Alimentação/ Refeição
B66: Grupo | C66: Descrição | D66: Unidade de Medida | E66: Quantidade | F66: Valor Mensal | G66: Percentual | H66: Desconto | I66: Custo Total
B67: I | C67: Auxiliar de pedreiro | D67: Posto de Serviço | E67: 3 | G67: 0.2 | H67: =F67*G67 -> 0 | I67: =H67*E67 -> 0
B68: I | C68: Auxiliar manutenção geral | D68: Posto de Serviço | E68: 40 | G68: 0.2 | H68: =F68*G68 -> 0 | I68: =H68*E68 -> 0
B69: I | C69: Auxiliar serviços gerais | D69: Posto de Serviço | E69: 2 | G69: 0.2 | H69: =F69*G69 -> 0 | I69: =H69*E69 -> 0
B70: I | C70: Leiturista | D70: Posto de Serviço | E70: 30 | G70: 0.2 | H70: =F70*G70 -> 0 | I70: =H70*E70 -> 0
B71: II | C71: Auxiliar eletricista | D71: Posto de Serviço | E71: 2 | H71: =F71*G71 -> 0 | I71: =H71*E71 -> 0
B72: III | C72: Copeiro | D72: Posto de Serviço | E72: 1 | H72: =F72*G72 -> 0 | I72: =H72*E72 -> 0
B73: III | C73: Mecânico em manutenção | D73: Posto de Serviço | E73: 1 | H73: =F73*G73 -> 0 | I73: =H73*E73 -> 0
B74: III | C74: Porteiro desarmado | D74: Posto de Serviço | E74: 1 | H74: =F74*G74 -> 0 | I74: =H74*E74 -> 0
B75: IV | C75: Assistente Técnico de Secretariado | D75: Posto de Serviço | E75: 1 | H75: =F75*G75 -> 0 | I75: =H75*E75 -> 0
B76: IV | C76: Auxiliar manutenção predial | D76: Posto de Serviço | E76: 2 | H76: =F76*G76 -> 0 | I76: =H76*E76 -> 0
B77: IV | C77: Eletricista | D77: Posto de Serviço | E77: 2 | H77: =F77*G77 -> 0 | I77: =H77*E77 -> 0
B78: IV | C78: Pedreiro | D78: Posto de Serviço | E78: 3 | H78: =F78*G78 -> 0 | I78: =H78*E78 -> 0
B79: IV | C79: Supervisor | D79: Posto de Serviço | E79: 1 | H79: =F79*G79 -> 0 | I79: =H79*E79 -> 0
B80: IV | C80: Técnico de saneamento | D80: Posto de Serviço | E80: 1 | H80: =F80*G80 -> 0 | I80: =H80*E80 -> 0
C81: Técnico de informatica | D81: Posto de Serviço | E81: 1 | G81: 0.2 | H81: =F81*G81 -> 0 | I81: =H81*E81 -> 0 | J81: Cláusula Décima Primeira (vale alimentação=valor diário trabalhado*22 dias)
C82: Total | E82: =SUM(E67:E81) -> 91 | H82: =SUM(H67:H81) -> 0 | I82: =SUM(I67:I81) -> 0
B84: Custo Efetivo do Vale Alimentação/ Refeição
B85: Grupo | C85: Descrição | D85: Unidade de Medida | E85: Quantidade | F85: Custo Mensal | G85: Desconto | H85: Custo Efetivo | I85: Custo Total
B86: I | C86: Auxiliar de pedreiro | D86: Posto de Serviço | E86: 3 | F86: =F67 -> 0 | G86: =H67 -> 0 | H86: =F86-G86 -> 0 | I86: =H86*E86 -> 0
B87: I | C87: Auxiliar manutenção geral | D87: Posto de Serviço | E87: 40 | F87: =F68 -> 0 | G87: =H68 -> 0 | H87: =F87-G87 -> 0 | I87: =H87*E87 -> 0
B88: I | C88: Auxiliar serviços gerais | D88: Posto de Serviço | E88: 2 | F88: =F69 -> 0 | G88: =H69 -> 0 | H88: =F88-G88 -> 0 | I88: =H88*E88 -> 0
B89: I | C89: Leiturista | D89: Posto de Serviço | E89: 30 | F89: =F70 -> 0 | G89: =H70 -> 0 | H89: =F89-G89 -> 0 | I89: =H89*E89 -> 0
B90: II | C90: Auxiliar eletricista | D90: Posto de Serviço | E90: 2 | F90: =F71 -> 0 | G90: =H71 -> 0 | H90: =F90-G90 -> 0 | I90: =H90*E90 -> 0
B91: III | C91: Copeiro | D91: Posto de Serviço | E91: 1 | F91: =F72 -> 0 | G91: =H72 -> 0 | H91: =F91-G91 -> 0 | I91: =H91*E91 -> 0
B92: III | C92: Mecânico em manutenção | D92: Posto de Serviço | E92: 1 | F92: =F73 -> 0 | G92: =H73 -> 0 | H92: =F92-G92 -> 0 | I92: =H92*E92 -> 0
B93: III | C93: Porteiro desarmado | D93: Posto de Serviço | E93: 1 | F93: =F74 -> 0 | G93: =H74 -> 0 | H93: =F93-G93 -> 0 | I93: =H93*E93 -> 0
B94: IV | C94: Assistente Técnico de Secretariado | D94: Posto de Serviço | E94: 1 | F94: =F75 -> 0 | G94: =H75 -> 0 | H94: =F94-G94 -> 0 | I94: =H94*E94 -> 0
B95: IV | C95: Auxiliar manutenção predial | D95: Posto de Serviço | E95: 2 | F95: =F76 -> 0 | G95: =H76 -> 0 | H95: =F95-G95 -> 0 | I95: =H95*E95 -> 0
B96: IV | C96: Eletricista | D96: Posto de Serviço | E96: 2 | F96: =F77 -> 0 | G96: =H77 -> 0 | H96: =F96-G96 -> 0 | I96: =H96*E96 -> 0
B97: IV | C97: Pedreiro | D97: Posto de Serviço | E97: 3 | F97: =F78 -> 0 | G97: =H78 -> 0 | H97: =F97-G97 -> 0 | I97: =H97*E97 -> 0
... B99: IV | C99: Técnico de saneamento | D99: Posto de Serviço | E99: 1 | F99: =F80 -> 0 | G99: =H80 -> 0 | H99: =F99-G99 -> 0 | I99: =H99*E99 -> 0
C100: Técnico de informatica | D100: Posto de Serviço | E100: 1 | F100: =F81 -> 0 | G100: =H81 -> 0 | H100: =F100-G100 -> 0 | I100: =H100*E100 -> 0
C101: Total | E101: =SUM(E86:E100) -> 91 | F101: =SUM(F86:F100) -> 0 | G101: =SUM(G86:G100) -> 0 | H101: =SUM(H86:H100) -> 0 | I101: =SUM(I86:I100) -> 0
B103: Programa de Qualificação Profissional (PQM) e Benefício Social
B104: Grupo | C104: Descrição | D104: Unidade de Medida | E104: Quantidade | F104: Valor PQM | G104: Benefício Social Familiar | H104: Coberturas Sociais | I104: Jovem Aprendiz | J104: Custo Efetivo | K104: Custo Total
B105: I | C105: Auxiliar de pedreiro | D105: Posto de Serviço | E105: 3 | J105: =F105+G105+H105+I105 -> 0 | K105: =J105*E105 -> 0
B106: I | C106: Auxiliar manutenção geral | D106: Posto de Serviço | E106: 40 | J106: =F106+G106+H106+I106 -> 0 | K106: =J106*E106 -> 0
B107: I | C107: Auxiliar serviços gerais | D107: Posto de Serviço | E107: 2 | J107: =F107+G107+H107+I107 -> 0 | K107: =J107*E107 -> 0
B108: I | C108: Leiturista | D108: Posto de Serviço | E108: 30 | J108: =F108+G108+H108+I108 -> 0 | K108: =J108*E108 -> 0
B109: II | C109: Auxiliar eletricista | D109: Posto de Serviço | E109: 2 | J109: =F109+G109+H109+I109 -> 0 | K109: =J109*E109 -> 0
B110: III | C110: Copeiro | D110: Posto de Serviço | E110: 1 | J110: =F110+G110+H110+I110 -> 0 | K110: =J110*E110 -> 0
B111: III | C111: Mecânico em manutenção | D111: Posto de Serviço | E111: 1 | J111: =F111+G111+H111+I111 -> 0 | K111: =J111*E111 -> 0
B112: III | C112: Porteiro desarmado | D112: Posto de Serviço | E112: 1 | J112: =F112+G112+H112+I112 -> 0 | K112: =J112*E112 -> 0
...

Sheet Modulo3.1_Rescisão
B2: Submódulo 3.1 – Aviso Prévio Indenizado
B4: Aviso Prévio Indenizado
B5: Grupo | C5: Descrição | D5: Unidade de Medida | E5: Quantidade | F5: Base de Cálculo | G5: Provisionamento Mensal | H5: Valor | I5: Custo Total
B6: I | C6: Auxiliar de pedreiro | D6: Posto de Serviço | E6: 3 | F6: =(Modulo1_Remuneração!I5+Modulo2.3_Encargos!I143)-Modulo2.2_Encargos!H6 -> 0 | G6: 12 | H6: =F6/G6 -> 0 | I6: =H6*E6 -> 0
B7: I | C7: Auxiliar manutenção geral | D7: Posto de Serviço | E7: 40 | F7: =(Modulo1_Remuneração!I6+Modulo2.3_Encargos!I144)-Modulo2.2_Encargos!H7 -> 0 | G7: 12 | H7: =F7/G7 -> 0 | I7: =H7*E7 -> 0
B8: I | C8: Auxiliar serviços gerais | D8: Posto de Serviço | E8: 2 | F8: =(Modulo1_Remuneração!I7+Modulo2.3_Encargos!I145)-Modulo2.2_Encargos!H8 -> 0 | G8: 12 | H8: =F8/G8 -> 0 | I8: =H8*E8 -> 0
B9: I | C9: Leiturista | D9: Posto de Serviço | E9: 30 | F9: =(Modulo1_Remuneração!I8+Modulo2.3_Encargos!I146)-Modulo2.2_Encargos!H9 -> 0 | G9: 12 | H9: =F9/G9 -> 0 | I9: =H9*E9 -> 0
B10: II | C10: Auxiliar eletricista | D10: Posto de Serviço | E10: 2 | F10: =(Modulo1_Remuneração!I9+Modulo2.3_Encargos!I147)-Modulo2.2_Encargos!H10 -> 0 | G10: 12 | H10: =F10/G10 -> 0 | I10: =H10*E10 -> 0
B11: III | C11: Copeiro | D11: Posto de Serviço | E11: 1 | F11: =(Modulo1_Remuneração!I10+Modulo2.3_Encargos!I148)-Modulo2.2_Encargos!H11 -> 0 | G11: 12 | H11: =F11/G11 -> 0 | I11: =H11*E11 -> 0
B12: III | C12: Mecânico em manutenção | D12: Posto de Serviço | E12: 1 | F12: =(Modulo1_Remuneração!I11+Modulo2.3_Encargos!I149)-Modulo2.2_Encargos!H12 -> 0 | G12: 12 | H12: =F12/G12 -> 0 | I12: =H12*E12 -> 0
B13: III | C13: Porteiro desarmado | D13: Posto de Serviço | E13: 1 | F13: =(Modulo1_Remuneração!I12+Modulo2.3_Encargos!I150)-Modulo2.2_Encargos!H13 -> 0 | G13: 12 | H13: =F13/G13 -> 0 | I13: =H13*E13 -> 0
B14: IV | C14: Assistente Técnico de Secretariado | D14: Posto de Serviço | E14: 1 | F14: =(Modulo1_Remuneração!I13+Modulo2.3_Encargos!I151)-Modulo2.2_Encargos!H14 -> 0 | G14: 12 | H14: =F14/G14 -> 0 | I14: =H14*E14 -> 0
B15: IV | C15: Auxiliar manutenção predial | D15: Posto de Serviço | E15: 2 | F15: =(Modulo1_Remuneração!I14+Modulo2.3_Encargos!I152)-Modulo2.2_Encargos!H15 -> 0 | G15: 12 | H15: =F15/G15 -> 0 | I15: =H15*E15 -> 0
B16: IV | C16: Eletricista | D16: Posto de Serviço | E16: 2 | F16: =(Modulo1_Remuneração!I15+Modulo2.3_Encargos!I153)-Modulo2.2_Encargos!H16 -> 0 | G16: 12 | H16: =F16/G16 -> 0 | I16: =H16*E16 -> 0
B17: IV | C17: Pedreiro | D17: Posto de Serviço | E17: 3 | F17: =(Modulo1_Remuneração!I16+Modulo2.3_Encargos!I154)-Modulo2.2_Encargos!H17 -> 0 | G17: 12 | H17: =F17/G17 -> 0 | I17: =H17*E17 -> 0
... B19: IV | C19: Técnico de saneamento | D19: Posto de Serviço | E19: 1 | F19: =(Modulo1_Remuneração!I18+Modulo2.3_Encargos!I156)-Modulo2.2_Encargos!H19 -> 0 | G19: 12 | H19: =F19/G19 -> 0 | I19: =H19*E19 -> 0
C20: Técnico de informatica | D20: Posto de Serviço | E20: 1 | F20: =(Modulo1_Remuneração!I19+Modulo2.3_Encargos!I157)-Modulo2.2_Encargos!H20 -> 0 | G20: 12 | H20: =F20/G20 -> 0 | I20: =H20*E20 -> 0
C21: Total | E21: =SUM(E6:E20) -> 91 | H21: =SUM(H6:H20) -> 0 | I21: =SUM(I6:I20) -> 0
B23: Incidência do FGTS sobre o Aviso Prévio Indenizado
B24: Grupo | C24: Descrição | D24: Unidade de Medida | E24: Quantidade | F24: Base de Cálculo | G24: Percentual da Multa | H24: Valor | I24: Custo Total
B25: I | C25: Auxiliar de pedreiro | D25: Posto de Serviço | E25: 3 | F25: =H6 -> 0 | G25: =0.08/12 -> 0.0066666667 | H25: =F25*G25 -> 0 | I25: =H25*E25 -> 0
B26: I | C26: Auxiliar manutenção geral | D26: Posto de Serviço | E26: 40 | F26: =H7 -> 0 | G26: =0.08/12 -> 0.0066666667 | H26: =F26*G26 -> 0 | I26: =H26*E26 -> 0
B27: I | C27: Auxiliar serviços gerais | D27: Posto de Serviço | E27: 2 | F27: =H8 -> 0 | G27: =0.08/12 -> 0.0066666667 | H27: =F27*G27 -> 0 | I27: =H27*E27 -> 0
B28: I | C28: Leiturista | D28: Posto de Serviço | E28: 30 | F28: =H9 -> 0 | G28: =0.08/12 -> 0.0066666667 | H28: =F28*G28 -> 0 | I28: =H28*E28 -> 0
B29: II | C29: Auxiliar eletricista | D29: Posto de Serviço | E29: 2 | F29: =H10 -> 0 | G29: =0.08/12 -> 0.0066666667 | H29: =F29*G29 -> 0 | I29: =H29*E29 -> 0
B30: III | C30: Copeiro | D30: Posto de Serviço | E30: 1 | F30: =H11 -> 0 | G30: =0.08/12 -> 0.0066666667 | H30: =F30*G30 -> 0 | I30: =H30*E30 -> 0
B31: III | C31: Mecânico em manutenção | D31: Posto de Serviço | E31: 1 | F31: =H12 -> 0 | G31: =0.08/12 -> 0.0066666667 | H31: =F31*G31 -> 0 | I31: =H31*E31 -> 0
B32: III | C32: Porteiro desarmado | D32: Posto de Serviço | E32: 1 | F32: =H13 -> 0 | G32: =0.08/12 -> 0.0066666667 | H32: =F32*G32 -> 0 | I32: =H32*E32 -> 0
B33: IV | C33: Assistente Técnico de Secretariado | D33: Posto de Serviço | E33: 1 | F33: =H14 -> 0 | G33: =0.08/12 -> 0.0066666667 | H33: =F33*G33 -> 0 | I33: =H33*E33 -> 0
B34: IV | C34: Auxiliar manutenção predial | D34: Posto de Serviço | E34: 2 | F34: =H15 -> 0 | G34: =0.08/12 -> 0.0066666667 | H34: =F34*G34 -> 0 | I34: =H34*E34 -> 0
B35: IV | C35: Eletricista | D35: Posto de Serviço | E35: 2 | F35: =H16 -> 0 | G35: =0.08/12 -> 0.0066666667 | H35: =F35*G35 -> 0 | I35: =H35*E35 -> 0
B36: IV | C36: Pedreiro | D36: Posto de Serviço | E36: 3 | F36: =H17 -> 0 | G36: =0.08/12 -> 0.0066666667 | H36: =F36*G36 -> 0 | I36: =H36*E36 -> 0
... B38: IV | C38: Técnico de saneamento | D38: Posto de Serviço | E38: 1 | F38: =H19 -> 0 | G38: =0.08/12 -> 0.0066666667 | H38: =F38*G38 -> 0 | I38: =H38*E38 -> 0
C39: Técnico de informatica | D39: Posto de Serviço | E39: 1 | F39: =H20 -> 0 | G39: =0.08/12 -> 0.0066666667 | H39: =F39*G39 -> 0 | I39: =H39*E39 -> 0
C40: Total | E40: =SUM(E25:E39) -> 91 | H40: =SUM(H25:H39) -> 0 | I40: =SUM(I25:I39) -> 0
B42: Multa do FGTS e Contribuição Social sobre o Aviso Prévio Indenizado
B43: Grupo | C43: Descrição | D43: Unidade de Medida | E43: Quantidade | F43: Base de Cálculo | G43: Percentual da Multa | H43: Valor | I43: Custo Total
B44: I | C44: Auxiliar de pedreiro | D44: Posto de Serviço | E44: 3 | F44: =Modulo2.2_Encargos!H25 -> 0 | G44: 0.5 | H44: =F44*G44 -> 0 | I44: =H44*E44 -> 0
B45: I | C45: Auxiliar manutenção geral | D45: Posto de Serviço | E45: 40 | F45: =Modulo2.2_Encargos!H26 -> 0 | G45: 0.5 | H45: =F45*G45 -> 0 | I45: =H45*E45 -> 0
B46: I | C46: Auxiliar serviços gerais | D46: Posto de Serviço | E46: 2 | F46: =Modulo2.2_Encargos!H27 -> 0 | G46: 0.5 | H46: =F46*G46 -> 0 | I46: =H46*E46 -> 0
B47: I | C47: Leiturista | D47: Posto de Serviço | E47: 30 | F47: =Modulo2.2_Encargos!H28 -> 0 | G47: 0.5 | H47: =F47*G47 -> 0 | I47: =H47*E47 -> 0
B48: II | C48: Auxiliar eletricista | D48: Posto de Serviço | E48: 2 | F48: =Modulo2.2_Encargos!H29 -> 0 | G48: 0.5 | H48: =F48*G48 -> 0 | I48: =H48*E48 -> 0
B49: III | C49: Copeiro | D49: Posto de Serviço | E49: 1 | F49: =Modulo2.2_Encargos!H30 -> 0 | G49: 0.5 | H49: =F49*G49 -> 0 | I49: =H49*E49 -> 0
B50: III | C50: Mecânico em manutenção | D50: Posto de Serviço | E50: 1 | F50: =Modulo2.2_Encargos!H31 -> 0 | G50: 0.5 | H50: =F50*G50 -> 0 | I50: =H50*E50 -> 0
B51: III | C51: Porteiro desarmado | D51: Posto de Serviço | E51: 1 | F51: =Modulo2.2_Encargos!H32 -> 0 | G51: 0.5 | H51: =F51*G51 -> 0 | I51: =H51*E51 -> 0
B52: IV | C52: Assistente Técnico de Secretariado | D52: Posto de Serviço | E52: 1 | F52: =Modulo2.2_Encargos!H33 -> 0 | G52: 0.5 | H52: =F52*G52 -> 0 | I52: =H52*E52 -> 0
B53: IV | C53: Auxiliar manutenção predial | D53: Posto de Serviço | E53: 2 | F53: =Modulo2.2_Encargos!H34 -> 0 | G53: 0.5 | H53: =F53*G53 -> 0 | I53: =H53*E53 -> 0
B54: IV | C54: Eletricista | D54: Posto de Serviço | E54: 2 | F54: =Modulo2.2_Encargos!H35 -> 0 | G54: 0.5 | H54: =F54*G54 -> 0 | I54: =H54*E54 -> 0
B55: IV | C55: Pedreiro | D55: Posto de Serviço | E55: 3 | F55: =Modulo2.2_Encargos!H36 -> 0 | G55: 0.5 | H55: =F55*G55 -> 0 | I55: =H55*E55 -> 0
... B57: IV | C57: Técnico de saneamento | D57: Posto de Serviço | E57: 1 | F57: =Modulo2.2_Encargos!H38 -> 0 | G57: 0.5 | H57: =F57*G57 -> 0 | I57: =H57*E57 -> 0
C58: Técnico de informatica | D58: Posto de Serviço | E58: 1 | F58: =Modulo2.2_Encargos!H39 -> 0 | G58: 0.5 | H58: =F58*G58 -> 0 | I58: =H58*E58 -> 0
C59: Total | E59: =SUM(E44:E58) -> 91 | H59: =SUM(H44:H58) -> 0 | I59: =SUM(I44:I58) -> 0
B61: Custo do Aviso Prévio Indenizado
B62: Grupo | C62: Descrição | D62: Unidade de Medida | E62: Quantidade | F62: Base de Cálculo | G62: Percentual | H62: Valor | I62: Custo Total
B63: I | C63: Auxiliar de pedreiro | D63: Posto de Serviço | E63: 3 | F63: =H6+H44 -> 0 | G63: 0.4258 | H63: =F63*G63 -> 0 | I63: =H63*E63 -> 0
B64: I | C64: Auxiliar manutenção geral | D64: Posto de Serviço | E64: 40 | F64: =H7+H45 -> 0 | G64: 0.4258 | H64: =F64*G64 -> 0 | I64: =H64*E64 -> 0
B65: I | C65: Auxiliar serviços gerais | D65: Posto de Serviço | E65: 2 | F65: =H8+H46 -> 0 | G65: 0.4258 | H65: =F65*G65 -> 0 | I65: =H65*E65 -> 0
B66: I | C66: Leiturista | D66: Posto de Serviço | E66: 30 | F66: =H9+H47 -> 0 | G66: 0.4258 | H66: =F66*G66 -> 0 | I66: =H66*E66 -> 0
B67: II | C67: Auxiliar eletricista | D67: Posto de Serviço | E67: 2 | F67: =H10+H48 -> 0 | G67: 0.4258 | H67: =F67*G67 -> 0 | I67: =H67*E67 -> 0
B68: III | C68: Copeiro | D68: Posto de Serviço | E68: 1 | F68: =H11+H49 -> 0 | G68: 0.4258 | H68: =F68*G68 -> 0 | I68: =H68*E68 -> 0
B69: III | C69: Mecânico em manutenção | D69: Posto de Serviço | E69: 1 | F69: =H12+H50 -> 0 | G69: 0.4258 | H69: =F69*G69 -> 0 | I69: =H69*E69 -> 0
B70: III | C70: Porteiro desarmado | D70: Posto de Serviço | E70: 1 | F70: =H13+H51 -> 0 | G70: 0.4258 | H70: =F70*G70 -> 0 | I70: =H70*E70 -> 0
B71: IV | C71: Assistente Técnico de Secretariado | D71: Posto de Serviço | E71: 1 | F71: =H14+H52 -> 0 | G71: 0.4258 | H71: =F71*G71 -> 0 | I71: =H71*E71 -> 0
B72: IV | C72: Auxiliar manutenção predial | D72: Posto de Serviço | E72: 2 | F72: =H15+H53 -> 0 | G72: 0.4258 | H72: =F72*G72 -> 0 | I72: =H72*E72 -> 0
B73: IV | C73: Eletricista | D73: Posto de Serviço | E73: 2 | F73: =H16+H54 -> 0 | G73: 0.4258 | H73: =F73*G73 -> 0 | I73: =H73*E73 -> 0
B74: IV | C74: Pedreiro | D74: Posto de Serviço | E74: 3 | F74: =H17+H55 -> 0 | G74: 0.4258 | H74: =F74*G74 -> 0 | I74: =H74*E74 -> 0
... B76: IV | C76: Técnico de saneamento | D76: Posto de Serviço | E76: 1 | F76: =H19+H57 -> 0 | G76: 0.4258 | H76: =F76*G76 -> 0 | I76: =H76*E76 -> 0
C77: Técnico de informatica | D77: Posto de Serviço | E77: 1 | F77: =H20+H58 -> 0 | G77: 0.4258 | H77: =F77*G77 -> 0 | I77: =H77*E77 -> 0
C78: Total | E78: =SUM(E63:E77) -> 91 | F78: =SUM(F63:F77) -> 0 | G78: =SUM(G63:G77) -> 6.387 | H78: =SUM(H63:H77) -> 0 | I78: =SUM(I63:I77) -> 0
B80: RESUMO DO SUBMÓDULO 3.1
B81: Grupo | C81: Descrição | D81: Unidade de Medida | E81: Quantidade | F81: Custo do Aviso Prévio Indenizado | G81: Incidência de FGTS | H81: Valor | I81: Custo Total
B82: I | C82: Auxiliar de pedreiro | D82: Posto de Serviço | E82: 3 | F82: =H63 -> 0 | G82: =H25 -> 0 | H82: =F82+G82 -> 0 | I82: =H82*E82 -> 0
B83: I | C83: Auxiliar manutenção geral | D83: Posto de Serviço | E83: 40 | F83: =H64 -> 0 | G83: =H26 -> 0 | H83: =F83+G83 -> 0 | I83: =H83*E83 -> 0
B84: I | C84: Auxiliar serviços gerais | D84: Posto de Serviço | E84: 2 | F84: =H65 -> 0 | G84: =H27 -> 0 | H84: =F84+G84 -> 0 | I84: =H84*E84 -> 0
B85: I | C85: Leiturista | D85: Posto de Serviço | E85: 30 | F85: =H66 -> 0 | G85: =H28 -> 0 | H85: =F85+G85 -> 0 | I85: =H85*E85 -> 0
B86: II | C86: Auxiliar eletricista | D86: Posto de Serviço | E86: 2 | F86: =H67 -> 0 | G86: =H29 -> 0 | H86: =F86+G86 -> 0 | I86: =H86*E86 -> 0
B87: III | C87: Copeiro | D87: Posto de Serviço | E87: 1 | F87: =H68 -> 0 | G87: =H30 -> 0 | H87: =F87+G87 -> 0 | I87: =H87*E87 -> 0
B88: III | C88: Mecânico em manutenção | D88: Posto de Serviço | E88: 1 | F88: =H69 -> 0 | G88: =H31 -> 0 | H88: =F88+G88 -> 0 | I88: =H88*E88 -> 0
B89: III | C89: Porteiro desarmado | D89: Posto de Serviço | E89: 1 | F89: =H70 -> 0 | G89: =H32 -> 0 | H89: =F89+G89 -> 0 | I89: =H89*E89 -> 0
B90: IV | C90: Assistente Técnico de Secretariado | D90: Posto de Serviço | E90: 1 | F90: =H71 -> 0 | G90: =H33 -> 0 | H90: =F90+G90 -> 0 | I90: =H90*E90 -> 0
B91: IV | C91: Auxiliar manutenção predial | D91: Posto de Serviço | E91: 2 | F91: =H72 -> 0 | G91: =H34 -> 0 | H91: =F91+G91 -> 0 | I91: =H91*E91 -> 0
B92: IV | C92: Eletricista | D92: Posto de Serviço | E92: 2 | F92: =H73 -> 0 | G92: =H35 -> 0 | H92: =F92+G92 -> 0 | I92: =H92*E92 -> 0
B93: IV | C93: Pedreiro | D93: Posto de Serviço | E93: 3 | F93: =H74 -> 0 | G93: =H36 -> 0 | H93: =F93+G93 -> 0 | I93: =H93*E93 -> 0
... B95: IV | C95: Técnico de saneamento | D95: Posto de Serviço | E95: 1 | F95: =H76 -> 0 | G95: =H38 -> 0 | H95: =F95+G95 -> 0 | I95: =H95*E95 -> 0
C96: Técnico de informatica | D96: Posto de Serviço | E96: 1 | F96: =H77 -> 0 | G96: =H39 -> 0 | H96: =F96+G96 -> 0 | I96: =H96*E96 -> 0
C97: Total | E97: =SUM(E82:E96) -> 91 | F97: =SUM(F82:F96) -> 0 | G97: =SUM(G82:G96) -> 0 | H97: =SUM(H82:H96) -> 0 | I97: =SUM(I82:I96) -> 0

Sheet Modulo3.2_Rescisão
B2: Submódulo 3.2 – Aviso Prévio Trabalhado
B4: Aviso Prévio Trabalhado
B5: Grupo | C5: Descrição | D5: Unidade de Medida | E5: Quantidade | F5: Base de Cálculo | G5: Provisionamento Mensal | H5: Valor | I5: Custo Total
B6: I | C6: Auxiliar de pedreiro | D6: Posto de Serviço | E6: 3 | F6: =(Modulo1_Remuneração!I5+Modulo2.3_Encargos!I143) -> 0 | G6: 12 | H6: =F6/G6 -> 0 | I6: =H6*E6 -> 0
B7: I | C7: Auxiliar manutenção geral | D7: Posto de Serviço | E7: 40 | F7: =(Modulo1_Remuneração!I6+Modulo2.3_Encargos!I144) -> 0 | G7: 12 | H7: =F7/G7 -> 0 | I7: =H7*E7 -> 0
B8: I | C8: Auxiliar serviços gerais | D8: Posto de Serviço | E8: 2 | F8: =(Modulo1_Remuneração!I7+Modulo2.3_Encargos!I145) -> 0 | G8: 12 | H8: =F8/G8 -> 0 | I8: =H8*E8 -> 0
B9: I | C9: Leiturista | D9: Posto de Serviço | E9: 30 | F9: =(Modulo1_Remuneração!I8+Modulo2.3_Encargos!I146) -> 0 | G9: 12 | H9: =F9/G9 -> 0 | I9: =H9*E9 -> 0
B10: II | C10: Auxiliar eletricista | D10: Posto de Serviço | E10: 2 | F10: =(Modulo1_Remuneração!I9+Modulo2.3_Encargos!I147) -> 0 | G10: 12 | H10: =F10/G10 -> 0 | I10: =H10*E10 -> 0
B11: III | C11: Copeiro | D11: Posto de Serviço | E11: 1 | F11: =(Modulo1_Remuneração!I10+Modulo2.3_Encargos!I148) -> 0 | G11: 12 | H11: =F11/G11 -> 0 | I11: =H11*E11 -> 0
B12: III | C12: Mecânico em manutenção | D12: Posto de Serviço | E12: 1 | F12: =(Modulo1_Remuneração!I11+Modulo2.3_Encargos!I149) -> 0 | G12: 12 | H12: =F12/G12 -> 0 | I12: =H12*E12 -> 0
B13: III | C13: Porteiro desarmado | D13: Posto de Serviço | E13: 1 | F13: =(Modulo1_Remuneração!I12+Modulo2.3_Encargos!I150) -> 0 | G13: 12 | H13: =F13/G13 -> 0 | I13: =H13*E13 -> 0
B14: IV | C14: Assistente Técnico de Secretariado | D14: Posto de Serviço | E14: 1 | F14: =(Modulo1_Remuneração!I13+Modulo2.3_Encargos!I151) -> 0 | G14: 12 | H14: =F14/G14 -> 0 | I14: =H14*E14 -> 0
B15: IV | C15: Auxiliar manutenção predial | D15: Posto de Serviço | E15: 2 | F15: =(Modulo1_Remuneração!I14+Modulo2.3_Encargos!I152) -> 0 | G15: 12 | H15: =F15/G15 -> 0 | I15: =H15*E15 -> 0
B16: IV | C16: Eletricista | D16: Posto de Serviço | E16: 2 | F16: =(Modulo1_Remuneração!I15+Modulo2.3_Encargos!I153) -> 0 | G16: 12 | H16: =F16/G16 -> 0 | I16: =H16*E16 -> 0
B17: IV | C17: Pedreiro | D17: Posto de Serviço | E17: 3 | F17: =(Modulo1_Remuneração!I16+Modulo2.3_Encargos!I154) -> 0 | G17: 12 | H17: =F17/G17 -> 0 | I17: =H17*E17 -> 0
... B19: IV | C19: Técnico de saneamento | D19: Posto de Serviço | E19: 1 | F19: =(Modulo1_Remuneração!I18+Modulo2.3_Encargos!I156) -> 0 | G19: 12 | H19: =F19/G19 -> 0 | I19: =H19*E19 -> 0
C20: Técnico de informatica | D20: Posto de Serviço | E20: 1 | F20: =(Modulo1_Remuneração!I19+Modulo2.3_Encargos!I157) -> 0 | G20: 12 | H20: =F20/G20 -> 0 | I20: =H20*E20 -> 0
C21: Total | E21: =SUM(E6:E20) -> 91 | H21: =SUM(H6:H20) -> 0 | I21: =SUM(I6:I20) -> 0
B23: Incidência de GPS, FGTS e outra contribuições sobre o Aviso Prévio Trabalhado
B24: Grupo | C24: Descrição | D24: Unidade de Medida | E24: Quantidade | F24: Base de Cálculo | G24: Percentual da Multa | H24: Valor | I24: Custo Total
B25: I | C25: Auxiliar de pedreiro | D25: Posto de Serviço | E25: 3 | F25: =H6 -> 0 | G25: =$M$27/12 -> 0.030666667 | H25: =F25*G25 -> 0 | I25: =H25*E25 -> 0 | L25: GPS | M25: =Modulo2.2_Encargos!M13 -> 0.288
B26: I | C26: Auxiliar manutenção geral | D26: Posto de Serviço | E26: 40 | F26: =H7 -> 0 | G26: =$M$27/12 -> 0.030666667 | H26: =F26*G26 -> 0 | I26: =H26*E26 -> 0 | L26: FGTS | M26: =Modulo2.2_Encargos!G25 -> 0.08
B27: I | C27: Auxiliar serviços gerais | D27: Posto de Serviço | E27: 2 | F27: =H8 -> 0 | G27: =$M$27/12 -> 0.030666667 | H27: =F27*G27 -> 0 | I27: =H27*E27 -> 0 | M27: =SUM(M25:M26) -> 0.368
B28: I | C28: Leiturista | D28: Posto de Serviço | E28: 30 | F28: =H9 -> 0 | G28: =$M$27/12 -> 0.030666667 | H28: =F28*G28 -> 0 | I28: =H28*E28 -> 0 | M28: =M27/12 -> 0.030666667
B29: II | C29: Auxiliar eletricista | D29: Posto de Serviço | E29: 2 | F29: =H10 -> 0 | G29: =$M$27/12 -> 0.030666667 | H29: =F29*G29 -> 0 | I29: =H29*E29 -> 0
B30: III | C30: Copeiro | D30: Posto de Serviço | E30: 1 | F30: =H11 -> 0 | G30: =$M$27/12 -> 0.030666667 | H30: =F30*G30 -> 0 | I30: =H30*E30 -> 0
B31: III | C31: Mecânico em manutenção | D31: Posto de Serviço | E31: 1 | F31: =H12 -> 0 | G31: =$M$27/12 -> 0.030666667 | H31: =F31*G31 -> 0 | I31: =H31*E31 -> 0
B32: III | C32: Porteiro desarmado | D32: Posto de Serviço | E32: 1 | F32: =H13 -> 0 | G32: =$M$27/12 -> 0.030666667 | H32: =F32*G32 -> 0 | I32: =H32*E32 -> 0
B33: IV | C33: Assistente Técnico de Secretariado | D33: Posto de Serviço | E33: 1 | F33: =H14 -> 0 | G33: =$M$27/12 -> 0.030666667 | H33: =F33*G33 -> 0 | I33: =H33*E33 -> 0
B34: IV | C34: Auxiliar manutenção predial | D34: Posto de Serviço | E34: 2 | F34: =H15 -> 0 | G34: =$M$27/12 -> 0.030666667 | H34: =F34*G34 -> 0 | I34: =H34*E34 -> 0
B35: IV | C35: Eletricista | D35: Posto de Serviço | E35: 2 | F35: =H16 -> 0 | G35: =$M$27/12 -> 0.030666667 | H35: =F35*G35 -> 0 | I35: =H35*E35 -> 0
B36: IV | C36: Pedreiro | D36: Posto de Serviço | E36: 3 | F36: =H17 -> 0 | G36: =$M$27/12 -> 0.030666667 | H36: =F36*G36 -> 0 | I36: =H36*E36 -> 0
B37: IV | C37: Supervisor | D37: Posto de Serviço | E37: 1 | F37: =H18 -> 0 | G37: =$M$27/12 -> 0.030666667 | H37: =F37*G37 -> 0 | I37: =H37*E37 -> 0
B38: IV | C38: Técnico de saneamento | D38: Posto de Serviço | E38: 1 | F38: =H19 -> 0 | G38: =$M$27/12 -> 0.030666667 | H38: =F38*G38 -> 0 | I38: =H38*E38 -> 0
C39: Técnico de informatica | D39: Posto de Serviço | E39: 1 | F39: =H20 -> 0 | G39: =$M$27/12 -> 0.030666667 | H39: =F39*G39 -> 0 | I39: =H39*E39 -> 0
C40: Total | E40: =SUM(E25:E39) -> 91 | H40: =SUM(H25:H39) -> 0 | I40: =SUM(I25:I39) -> 0
B42: Multa do FGTS e Contribuição Social sobre o Aviso Prévio Indenizado
B43: Grupo | C43: Descrição | D43: Unidade de Medida | E43: Quantidade | F43: Base de Cálculo | G43: Percentual da Multa | H43: Valor | I43: Custo Total
B44: I | C44: Auxiliar de pedreiro | D44: Posto de Serviço | E44: 3 | F44: =Modulo2.2_Encargos!H25 -> 0 | G44: 0.5 | H44: =F44*G44 -> 0 | I44: =H44*E44 -> 0
B45: I | C45: Auxiliar manutenção geral | D45: Posto de Serviço | E45: 40 | F45: =Modulo2.2_Encargos!H26 -> 0 | G45: 0.5 | H45: =F45*G45 -> 0 | I45: =H45*E45 -> 0
B46: I | C46: Auxiliar serviços gerais | D46: Posto de Serviço | E46: 2 | F46: =Modulo2.2_Encargos!H27 -> 0 | G46: 0.5 | H46: =F46*G46 -> 0 | I46: =H46*E46 -> 0
B47: I | C47: Leiturista | D47: Posto de Serviço | E47: 30 | F47: =Modulo2.2_Encargos!H28 -> 0 | G47: 0.5 | H47: =F47*G47 -> 0 | I47: =H47*E47 -> 0
B48: II | C48: Auxiliar eletricista | D48: Posto de Serviço | E48: 2 | F48: =Modulo2.2_Encargos!H29 -> 0 | G48: 0.5 | H48: =F48*G48 -> 0 | I48: =H48*E48 -> 0
B49: III | C49: Copeiro | D49: Posto de Serviço | E49: 1 | F49: =Modulo2.2_Encargos!H30 -> 0 | G49: 0.5 | H49: =F49*G49 -> 0 | I49: =H49*E49 -> 0
B50: III | C50: Mecânico em manutenção | D50: Posto de Serviço | E50: 1 | F50: =Modulo2.2_Encargos!H31 -> 0 | G50: 0.5 | H50: =F50*G50 -> 0 | I50: =H50*E50 -> 0
B51: III | C51: Porteiro desarmado | D51: Posto de Serviço | E51: 1 | F51: =Modulo2.2_Encargos!H32 -> 0 | G51: 0.5 | H51: =F51*G51 -> 0 | I51: =H51*E51 -> 0
B52: IV | C52: Assistente Técnico de Secretariado | D52: Posto de Serviço | E52: 1 | F52: =Modulo2.2_Encargos!H33 -> 0 | G52: 0.5 | H52: =F52*G52 -> 0 | I52: =H52*E52 -> 0
B53: IV | C53: Auxiliar manutenção predial | D53: Posto de Serviço | E53: 2 | F53: =Modulo2.2_Encargos!H34 -> 0 | G53: 0.5 | H53: =F53*G53 -> 0 | I53: =H53*E53 -> 0
B54: IV | C54: Eletricista | D54: Posto de Serviço | E54: 2 | F54: =Modulo2.2_Encargos!H35 -> 0 | G54: 0.5 | H54: =F54*G54 -> 0 | I54: =H54*E54 -> 0
B55: IV | C55: Pedreiro | D55: Posto de Serviço | E55: 3 | F55: =Modulo2.2_Encargos!H36 -> 0 | G55: 0.5 | H55: =F55*G55 -> 0 | I55: =H55*E55 -> 0
... B57: IV | C57: Técnico de saneamento | D57: Posto de Serviço | E57: 1 | F57: =Modulo2.2_Encargos!H38 -> 0 | G57: 0.5 | H57: =F57*G57 -> 0 | I57: =H57*E57 -> 0
C58: Técnico de informatica | D58: Posto de Serviço | E58: 1 | F58: =Modulo2.2_Encargos!H39 -> 0 | G58: 0.5 | H58: =F58*G58 -> 0 | I58: =H58*E58 -> 0
C59: Total | E59: =SUM(E44:E58) -> 91 | H59: =SUM(H44:H58) -> 0 | I59: =SUM(I44:I58) -> 0
B61: Custo do Aviso Prévio Indenizado
B62: Grupo | C62: Descrição | D62: Unidade de Medida | E62: Quantidade | F62: Base de Cálculo | G62: Percentual | H62: Valor | I62: Custo Total
B63: I | C63: Auxiliar de pedreiro | D63: Posto de Serviço | E63: 3 | F63: =H6+H44 -> 0 | G63: 0.4258 | H63: =F63*G63 -> 0 | I63: =H63*E63 -> 0
B64: I | C64: Auxiliar manutenção geral | D64: Posto de Serviço | E64: 40 | F64: =H7+H45 -> 0 | G64: 0.4258 | H64: =F64*G64 -> 0 | I64: =H64*E64 -> 0
B65: I | C65: Auxiliar serviços gerais | D65: Posto de Serviço | E65: 2 | F65: =H8+H46 -> 0 | G65: 0.4258 | H65: =F65*G65 -> 0 | I65: =H65*E65 -> 0
B66: I | C66: Leiturista | D66: Posto de Serviço | E66: 30 | F66: =H9+H47 -> 0 | G66: 0.4258 | H66: =F66*G66 -> 0 | I66: =H66*E66 -> 0
B67: II | C67: Auxiliar eletricista | D67: Posto de Serviço | E67: 2 | F67: =H10+H48 -> 0 | G67: 0.4258 | H67: =F67*G67 -> 0 | I67: =H67*E67 -> 0
B68: III | C68: Copeiro | D68: Posto de Serviço | E68: 1 | F68: =H11+H49 -> 0 | G68: 0.4258 | H68: =F68*G68 -> 0 | I68: =H68*E68 -> 0
B69: III | C69: Mecânico em manutenção | D69: Posto de Serviço | E69: 1 | F69: =H12+H50 -> 0 | G69: 0.4258 | H69: =F69*G69 -> 0 | I69: =H69*E69 -> 0
B70: III | C70: Porteiro desarmado | D70: Posto de Serviço | E70: 1 | F70: =H13+H51 -> 0 | G70: 0.4258 | H70: =F70*G70 -> 0 | I70: =H70*E70 -> 0
B71: IV | C71: Assistente Técnico de Secretariado | D71: Posto de Serviço | E71: 1 | F71: =H14+H52 -> 0 | G71: 0.4258 | H71: =F71*G71 -> 0 | I71: =H71*E71 -> 0
B72: IV | C72: Auxiliar manutenção predial | D72: Posto de Serviço | E72: 2 | F72: =H15+H53 -> 0 | G72: 0.4258 | H72: =F72*G72 -> 0 | I72: =H72*E72 -> 0
B73: IV | C73: Eletricista | D73: Posto de Serviço | E73: 2 | F73: =H16+H54 -> 0 | G73: 0.4258 | H73: =F73*G73 -> 0 | I73: =H73*E73 -> 0
B74: IV | C74: Pedreiro | D74: Posto de Serviço | E74: 3 | F74: =H17+H55 -> 0 | G74: 0.4258 | H74: =F74*G74 -> 0 | I74: =H74*E74 -> 0
... B76: IV | C76: Técnico de saneamento | D76: Posto de Serviço | E76: 1 | F76: =H19+H57 -> 0 | G76: 0.4258 | H76: =F76*G76 -> 0 | I76: =H76*E76 -> 0
C77: Técnico de informatica | D77: Posto de Serviço | E77: 1 | F77: =H20+H58 -> 0 | G77: 0.4258 | H77: =F77*G77 -> 0 | I77: =H77*E77 -> 0
C78: Total | E78: =SUM(E63:E77) -> 91 | F78: =SUM(F63:F77) -> 0 | G78: =SUM(G63:G77) -> 6.387 | H78: =SUM(H63:H77) -> 0 | I78: =SUM(I63:I77) -> 0
B80: RESUMO DO SUBMÓDULO 3.2
B81: Grupo | C81: Descrição | D81: Unidade de Medida | E81: Quantidade | F81: Custo do Aviso Prévio Indenizado | G81: Incidência de FGTS | H81: Valor | I81: Custo Total
B82: I | C82: Auxiliar de pedreiro | D82: Posto de Serviço | E82: 3 | F82: =H63 -> 0 | G82: =H25 -> 0 | H82: =F82+G82 -> 0 | I82: =H82*E82 -> 0
B83: I | C83: Auxiliar manutenção geral | D83: Posto de Serviço | E83: 40 | F83: =H64 -> 0 | G83: =H26 -> 0 | H83: =F83+G83 -> 0 | I83: =H83*E83 -> 0
B84: I | C84: Auxiliar serviços gerais | D84: Posto de Serviço | E84: 2 | F84: =H65 -> 0 | G84: =H27 -> 0 | H84: =F84+G84 -> 0 | I84: =H84*E84 -> 0
B85: I | C85: Leiturista | D85: Posto de Serviço | E85: 30 | F85: =H66 -> 0 | G85: =H28 -> 0 | H85: =F85+G85 -> 0 | I85: =H85*E85 -> 0
B86: II | C86: Auxiliar eletricista | D86: Posto de Serviço | E86: 2 | F86: =H67 -> 0 | G86: =H29 -> 0 | H86: =F86+G86 -> 0 | I86: =H86*E86 -> 0
B87: III | C87: Copeiro | D87: Posto de Serviço | E87: 1 | F87: =H68 -> 0 | G87: =H30 -> 0 | H87: =F87+G87 -> 0 | I87: =H87*E87 -> 0
B88: III | C88: Mecânico em manutenção | D88: Posto de Serviço | E88: 1 | F88: =H69 -> 0 | G88: =H31 -> 0 | H88: =F88+G88 -> 0 | I88: =H88*E88 -> 0
B89: III | C89: Porteiro desarmado | D89: Posto de Serviço | E89: 1 | F89: =H70 -> 0 | G89: =H32 -> 0 | H89: =F89+G89 -> 0 | I89: =H89*E89 -> 0
B90: IV | C90: Assistente Técnico de Secretariado | D90: Posto de Serviço | E90: 1 | F90: =H71 -> 0 | G90: =H33 -> 0 | H90: =F90+G90 -> 0 | I90: =H90*E90 -> 0
B91: IV | C91: Auxiliar manutenção predial | D91: Posto de Serviço | E91: 2 | F91: =H72 -> 0 | G91: =H34 -> 0 | H91: =F91+G91 -> 0 | I91: =H91*E91 -> 0
B92: IV | C92: Eletricista | D92: Posto de Serviço | E92: 2 | F92: =H73 -> 0 | G92: =H35 -> 0 | H92: =F92+G92 -> 0 | I92: =H92*E92 -> 0
B93: IV | C93: Pedreiro | D93: Posto de Serviço | E93: 3 | F93: =H74 -> 0 | G93: =H36 -> 0 | H93: =F93+G93 -> 0 | I93: =H93*E93 -> 0
... B95: IV | C95: Técnico de saneamento | D95: Posto de Serviço | E95: 1 | F95: =H76 -> 0 | G95: =H38 -> 0 | H95: =F95+G95 -> 0 | I95: =H95*E95 -> 0
C96: Técnico de informatica | D96: Posto de Serviço | E96: 1 | F96: =H77 -> 0 | G96: =H39 -> 0 | H96: =F96+G96 -> 0 | I96: =H96*E96 -> 0
C97: Total | E97: =SUM(E82:E96) -> 91 | F97: =SUM(F82:F96) -> 0 | G97: =SUM(G82:G96) -> 0 | H97: =SUM(H82:H96) -> 0 | I97: =SUM(I82:I96) -> 0
B99: RESUMO DO SUBMÓDULO 3.2
B100: Grupo | C100: Descrição | D100: Unidade de Medida | E100: Quantidade | F100: Submódulo 3.1 | G100: Submódulo 3.2 | H100: Valor | I100: Custo Total
B101: I | C101: Auxiliar de pedreiro | D101: Posto de Serviço | E101: 3 | F101: =Modulo3.1_Rescisão!H82 -> 0 | G101: =H82 -> 0 | H101: =F101+G101 -> 0 | I101: =H101*E101 -> 0
B102: I | C102: Auxiliar manutenção geral | D102: Posto de Serviço | E102: 40 | F102: =Modulo3.1_Rescisão!H83 -> 0 | G102: =H83 -> 0 | H102: =F102+G102 -> 0 | I102: =H102*E102 -> 0
B103: I | C103: Auxiliar serviços gerais | D103: Posto de Serviço | E103: 2 | F103: =Modulo3.1_Rescisão!H84 -> 0 | G103: =H84 -> 0 | H103: =F103+G103 -> 0 | I103: =H103*E103 -> 0
B104: I | C104: Leiturista | D104: Posto de Serviço | E104: 30 | F104: =Modulo3.1_Rescisão!H85 -> 0 | G104: =H85 -> 0 | H104: =F104+G104 -> 0 | I104: =H104*E104 -> 0
B105: II | C105: Auxiliar eletricista | D105: Posto de Serviço | E105: 2 | F105: =Modulo3.1_Rescisão!H86 -> 0 | G105: =H86 -> 0 | H105: =F105+G105 -> 0 | I105: =H105*E105 -> 0
B106: III | C106: Copeiro | D106: Posto de Serviço | E106: 1 | F106: =Modulo3.1_Rescisão!H87 -> 0 | G106: =H87 -> 0 | H106: =F106+G106 -> 0 | I106: =H106*E106 -> 0
B107: III | C107: Mecânico em manutenção | D107: Posto de Serviço | E107: 1 | F107: =Modulo3.1_Rescisão!H88 -> 0 | G107: =H88 -> 0 | H107: =F107+G107 -> 0 | I107: =H107*E107 -> 0
B108: III | C108: Porteiro desarmado | D108: Posto de Serviço | E108: 1 | F108: =Modulo3.1_Rescisão!H89 -> 0 | G108: =H89 -> 0 | H108: =F108+G108 -> 0 | I108: =H108*E108 -> 0
B109: IV | C109: Assistente Técnico de Secretariado | D109: Posto de Serviço | E109: 1 | F109: =Modulo3.1_Rescisão!H90 -> 0 | G109: =H90 -> 0 | H109: =F109+G109 -> 0 | I109: =H109*E109 -> 0
B110: IV | C110: Auxiliar manutenção predial | D110: Posto de Serviço | E110: 2 | F110: =Modulo3.1_Rescisão!H91 -> 0 | G110: =H91 -> 0 | H110: =F110+G110 -> 0 | I110: =H110*E110 -> 0
B111: IV | C111: Eletricista | D111: Posto de Serviço | E111: 2 | F111: =Modulo3.1_Rescisão!H92 -> 0 | G111: =H92 -> 0 | H111: =F111+G111 -> 0 | I111: =H111*E111 -> 0
...

Sheet Modulo4_Reposicao
B2: Módulo 4 - Custo de Reposição do Profissional Ausente
B4: Custo Diário para o Repositor
B5: Grupo | C5: Descrição | D5: Unidade de Medida | E5: Quantidade | F5: Base de Cálculo | G5: Divisor do Dia | H5: Valor | I5: Custo Total
B6: I | C6: Auxiliar de pedreiro | D6: Posto de Serviço | E6: 3 | F6: =Modulo1_Remuneração!I5+Modulo2.3_Encargos!I143+Modulo3.2_Rescisão!H101 -> 0 | G6: 30 | H6: =F6/G6 -> 0 | I6: =H6*E6 -> 0
B7: I | C7: Auxiliar manutenção geral | D7: Posto de Serviço | E7: 40 | F7: =Modulo1_Remuneração!I6+Modulo2.3_Encargos!I144+Modulo3.2_Rescisão!H102 -> 0 | G7: 30 | H7: =F7/G7 -> 0 | I7: =H7*E7 -> 0
B8: I | C8: Auxiliar serviços gerais | D8: Posto de Serviço | E8: 2 | F8: =Modulo1_Remuneração!I7+Modulo2.3_Encargos!I145+Modulo3.2_Rescisão!H103 -> 0 | G8: 30 | H8: =F8/G8 -> 0 | I8: =H8*E8 -> 0
B9: I | C9: Leiturista | D9: Posto de Serviço | E9: 30 | F9: =Modulo1_Remuneração!I8+Modulo2.3_Encargos!I146+Modulo3.2_Rescisão!H104 -> 0 | G9: 30 | H9: =F9/G9 -> 0 | I9: =H9*E9 -> 0
B10: II | C10: Auxiliar eletricista | D10: Posto de Serviço | E10: 2 | F10: =Modulo1_Remuneração!I9+Modulo2.3_Encargos!I147+Modulo3.2_Rescisão!H105 -> 0 | G10: 30 | H10: =F10/G10 -> 0 | I10: =H10*E10 -> 0
B11: III | C11: Copeiro | D11: Posto de Serviço | E11: 1 | F11: =Modulo1_Remuneração!I10+Modulo2.3_Encargos!I148+Modulo3.2_Rescisão!H106 -> 0 | G11: 30 | H11: =F11/G11 -> 0 | I11: =H11*E11 -> 0
B12: III | C12: Mecânico em manutenção | D12: Posto de Serviço | E12: 1 | F12: =Modulo1_Remuneração!I11+Modulo2.3_Encargos!I149+Modulo3.2_Rescisão!H107 -> 0 | G12: 30 | H12: =F12/G12 -> 0 | I12: =H12*E12 -> 0
B13: III | C13: Porteiro desarmado | D13: Posto de Serviço | E13: 1 | F13: =Modulo1_Remuneração!I12+Modulo2.3_Encargos!I150+Modulo3.2_Rescisão!H108 -> 0 | G13: 30 | H13: =F13/G13 -> 0 | I13: =H13*E13 -> 0
B14: IV | C14: Assistente Técnico de Secretariado | D14: Posto de Serviço | E14: 1 | F14: =Modulo1_Remuneração!I13+Modulo2.3_Encargos!I151+Modulo3.2_Rescisão!H109 -> 0 | G14: 30 | H14: =F14/G14 -> 0 | I14: =H14*E14 -> 0
B15: IV | C15: Auxiliar manutenção predial | D15: Posto de Serviço | E15: 2 | F15: =Modulo1_Remuneração!I14+Modulo2.3_Encargos!I152+Modulo3.2_Rescisão!H110 -> 0 | G15: 30 | H15: =F15/G15 -> 0 | I15: =H15*E15 -> 0
B16: IV | C16: Eletricista | D16: Posto de Serviço | E16: 2 | F16: =Modulo1_Remuneração!I15+Modulo2.3_Encargos!I153+Modulo3.2_Rescisão!H111 -> 0 | G16: 30 | H16: =F16/G16 -> 0 | I16: =H16*E16 -> 0
B17: IV | C17: Pedreiro | D17: Posto de Serviço | E17: 3 | F17: =Modulo1_Remuneração!I16+Modulo2.3_Encargos!I154+Modulo3.2_Rescisão!H112 -> 0 | G17: 30 | H17: =F17/G17 -> 0 | I17: =H17*E17 -> 0
... B19: IV | C19: Técnico de saneamento | D19: Posto de Serviço | E19: 1 | F19: =Modulo1_Remuneração!I18+Modulo2.3_Encargos!I156+Modulo3.2_Rescisão!H114 -> 0 | G19: 30 | H19: =F19/G19 -> 0 | I19: =H19*E19 -> 0
C20: Técnico de informatica | D20: Posto de Serviço | E20: 1 | F20: =Modulo1_Remuneração!I19+Modulo2.3_Encargos!I157+Modulo3.2_Rescisão!H115 -> 0 | G20: 30 | H20: =F20/G20 -> 0 | I20: =H20*E20 -> 0
C21: Total | E21: =SUM(E6:E20) -> 91 | F21: =SUM(F6:F20) -> 0 | H21: =SUM(H6:H20) -> 0 | I21: =SUM(I6:I20) -> 0
B23: Resumo do Módulo 4 - Custo de Reposição do Profissional Ausente
B24: Grupo | C24: Descrição | D24: Unidade de Medida | E24: Quantidade | F24: Custo diário | G24: Necessidade de Reposição | H24: Custo anual | I24: Custo mensal
B25: I | C25: Auxiliar de pedreiro | D25: Posto de Serviço | E25: 3 | F25: =H6 -> 0 | G25: 29.4737 | H25: =F25*G25 -> 0 | I25: =H25/12 -> 0
B26: I | C26: Auxiliar manutenção geral | D26: Posto de Serviço | E26: 40 | F26: =H7 -> 0 | G26: 29.4737 | H26: =F26*G26 -> 0 | I26: =H26/12 -> 0
B27: I | C27: Auxiliar serviços gerais | D27: Posto de Serviço | E27: 2 | F27: =H8 -> 0 | G27: 29.4737 | H27: =F27*G27 -> 0 | I27: =H27/12 -> 0
B28: I | C28: Leiturista | D28: Posto de Serviço | E28: 30 | F28: =H9 -> 0 | G28: 29.4737 | H28: =F28*G28 -> 0 | I28: =H28/12 -> 0
B29: II | C29: Auxiliar eletricista | D29: Posto de Serviço | E29: 2 | F29: =H10 -> 0 | G29: 29.4737 | H29: =F29*G29 -> 0 | I29: =H29/12 -> 0
B30: III | C30: Copeiro | D30: Posto de Serviço | E30: 1 | F30: =H11 -> 0 | G30: 29.4737 | H30: =F30*G30 -> 0 | I30: =H30/12 -> 0
B31: III | C31: Mecânico em manutenção | D31: Posto de Serviço | E31: 1 | F31: =H12 -> 0 | G31: 29.4737 | H31: =F31*G31 -> 0 | I31: =H31/12 -> 0
B32: III | C32: Porteiro desarmado | D32: Posto de Serviço | E32: 1 | F32: =H13 -> 0 | G32: 29.4737 | H32: =F32*G32 -> 0 | I32: =H32/12 -> 0
B33: IV | C33: Assistente Técnico de Secretariado | D33: Posto de Serviço | E33: 1 | F33: =H14 -> 0 | G33: 29.4737 | H33: =F33*G33 -> 0 | I33: =H33/12 -> 0
B34: IV | C34: Auxiliar manutenção predial | D34: Posto de Serviço | E34: 2 | F34: =H15 -> 0 | G34: 29.4737 | H34: =F34*G34 -> 0 | I34: =H34/12 -> 0
B35: IV | C35: Eletricista | D35: Posto de Serviço | E35: 2 | F35: =H16 -> 0 | G35: 29.4737 | H35: =F35*G35 -> 0 | I35: =H35/12 -> 0
B36: IV | C36: Pedreiro | D36: Posto de Serviço | E36: 3 | F36: =H17 -> 0 | G36: 29.4737 | H36: =F36*G36 -> 0 | I36: =H36/12 -> 0
... B38: IV | C38: Técnico de saneamento | D38: Posto de Serviço | E38: 1 | F38: =H19 -> 0 | G38: 29.4737 | H38: =F38*G38 -> 0 | I38: =H38/12 -> 0
C39: Técnico de informatica | D39: Posto de Serviço | E39: 1 | F39: =H20 -> 0 | G39: 29.4737 | H39: =F39*G39 -> 0 | I39: =H39/12 -> 0
C40: Total | E40: =SUM(E25:E39) -> 91 | H40: =SUM(H25:H39) -> 0 | I40: =SUM(I25:I39) -> 0

Sheet Modulo5_Insumos de Mao de Obra
B2: Módulo 5 - INSUMOS DE MÃO DE OBRA
B4: Submódulo 5.1 - Insumos dos Uniformes
B5: Grupo | C5: Descrição | D5: Unidade de Medida | E5: Quantidade | F5: Base de Cálculo | G5: Pescentual | H5: Valor | I5: Custo Total
B6: I | C6: Auxiliar de pedreiro | D6: Posto de Serviço | E6: 3 | F6: =Modulo1_Remuneração!I5+Modulo2.3_Encargos!I143+Modulo3.2_Rescisão!H101+Modulo4_Reposicao!I25 -> 0 | G6: 0.0145 | H6: =F6*G6 -> 0 | I6: =H6*E6 -> 0
B7: I | C7: Auxiliar manutenção geral | D7: Posto de Serviço | E7: 40 | F7: =Modulo1_Remuneração!I6+Modulo2.3_Encargos!I144+Modulo3.2_Rescisão!H102+Modulo4_Reposicao!I26 -> 0 | G7: 0.0145 | H7: =F7*G7 -> 0 | I7: =H7*E7 -> 0
B8: I | C8: Auxiliar serviços gerais | D8: Posto de Serviço | E8: 2 | F8: =Modulo1_Remuneração!I7+Modulo2.3_Encargos!I145+Modulo3.2_Rescisão!H103+Modulo4_Reposicao!I27 -> 0 | G8: 0.0145 | H8: =F8*G8 -> 0 | I8: =H8*E8 -> 0
B9: I | C9: Leiturista | D9: Posto de Serviço | E9: 30 | F9: =Modulo1_Remuneração!I8+Modulo2.3_Encargos!I146+Modulo3.2_Rescisão!H104+Modulo4_Reposicao!I28 -> 0 | G9: 0.0145 | H9: =F9*G9 -> 0 | I9: =H9*E9 -> 0
B10: II | C10: Auxiliar eletricista | D10: Posto de Serviço | E10: 2 | F10: =Modulo1_Remuneração!I9+Modulo2.3_Encargos!I147+Modulo3.2_Rescisão!H105+Modulo4_Reposicao!I29 -> 0 | G10: 0.0145 | H10: =F10*G10 -> 0 | I10: =H10*E10 -> 0
B11: III | C11: Copeiro | D11: Posto de Serviço | E11: 1 | F11: =Modulo1_Remuneração!I10+Modulo2.3_Encargos!I148+Modulo3.2_Rescisão!H106+Modulo4_Reposicao!I30 -> 0 | G11: 0.0145 | H11: =F11*G11 -> 0 | I11: =H11*E11 -> 0
B12: III | C12: Mecânico em manutenção | D12: Posto de Serviço | E12: 1 | F12: =Modulo1_Remuneração!I11+Modulo2.3_Encargos!I149+Modulo3.2_Rescisão!H107+Modulo4_Reposicao!I31 -> 0 | G12: 0.0145 | H12: =F12*G12 -> 0 | I12: =H12*E12 -> 0
B13: III | C13: Porteiro desarmado | D13: Posto de Serviço | E13: 1 | F13: =Modulo1_Remuneração!I12+Modulo2.3_Encargos!I150+Modulo3.2_Rescisão!H108+Modulo4_Reposicao!I32 -> 0 | G13: 0.0145 | H13: =F13*G13 -> 0 | I13: =H13*E13 -> 0
B14: IV | C14: Assistente Técnico de Secretariado | D14: Posto de Serviço | E14: 1 | F14: =Modulo1_Remuneração!I13+Modulo2.3_Encargos!I151+Modulo3.2_Rescisão!H109+Modulo4_Reposicao!I33 -> 0 | G14: 0.0145 | H14: =F14*G14 -> 0 | I14: =H14*E14 -> 0
B15: IV | C15: Auxiliar manutenção predial | D15: Posto de Serviço | E15: 2 | F15: =Modulo1_Remuneração!I14+Modulo2.3_Encargos!I152+Modulo3.2_Rescisão!H110+Modulo4_Reposicao!I34 -> 0 | G15: 0.0145 | H15: =F15*G15 -> 0 | I15: =H15*E15 -> 0
B16: IV | C16: Eletricista | D16: Posto de Serviço | E16: 2 | F16: =Modulo1_Remuneração!I15+Modulo2.3_Encargos!I153+Modulo3.2_Rescisão!H111+Modulo4_Reposicao!I35 -> 0 | G16: 0.0145 | H16: =F16*G16 -> 0 | I16: =H16*E16 -> 0
B17: IV | C17: Pedreiro | D17: Posto de Serviço | E17: 3 | F17: =Modulo1_Remuneração!I16+Modulo2.3_Encargos!I154+Modulo3.2_Rescisão!H112+Modulo4_Reposicao!I36 -> 0 | G17: 0.0145 | H17: =F17*G17 -> 0 | I17: =H17*E17 -> 0
... B19: IV | C19: Técnico de saneamento | D19: Posto de Serviço | E19: 1 | F19: =Modulo1_Remuneração!I18+Modulo2.3_Encargos!I156+Modulo3.2_Rescisão!H114+Modulo4_Reposicao!I38 -> 0 | G19: 0.0145 | H19: =F19*G19 -> 0 | I19: =H19*E19 -> 0
C20: Técnico de informatica | D20: Posto de Serviço | E20: 1 | F20: =Modulo1_Remuneração!I19+Modulo2.3_Encargos!I157+Modulo3.2_Rescisão!H115+Modulo4_Reposicao!I39 -> 0 | G20: 0.0145 | H20: =F20*G20 -> 0 | I20: =H20*E20 -> 0
C21: Total | E21: =SUM(E6:E20) -> 91 | F21: =SUM(F6:F20) -> 0 | H21: =SUM(H6:H20) -> 0 | I21: =SUM(I6:I20) -> 0

Sheet Modulo6_Custos Indiretos
B2: Módulo 6 - CUSTOS INDIRETOS
B4: Custos Indiretos, Tributos e Lucro
B5: Grupo | C5: Descrição | D5: Unidade de Medida | E5: Quantidade | F5: Base de Cálculo | G5: Pescentual | H5: Valor | I5: Custo Total
B6: I | C6: Auxiliar de pedreiro | D6: Posto de Serviço | E6: 3 | F6: =Modulo1_Remuneração!I5+Modulo2.3_Encargos!I143+Modulo3.2_Rescisão!H101+Modulo4_Reposicao!I25+'Modulo5_Insumos de Mao de Obra'!H6 -> 0 | G6: =$D$30 -> 0.30445795 | H6: =F6*G6 -> 0 | I6: =H6*E6 -> 0
B7: I | C7: Auxiliar manutenção geral | D7: Posto de Serviço | E7: 40 | F7: =Modulo1_Remuneração!I6+Modulo2.3_Encargos!I144+Modulo3.2_Rescisão!H102+Modulo4_Reposicao!I26+'Modulo5_Insumos de Mao de Obra'!H7 -> 0 | G7: =$D$30 -> 0.30445795 | H7: =F7*G7 -> 0 | I7: =H7*E7 -> 0
B8: I | C8: Auxiliar serviços gerais | D8: Posto de Serviço | E8: 2 | F8: =Modulo1_Remuneração!I7+Modulo2.3_Encargos!I145+Modulo3.2_Rescisão!H103+Modulo4_Reposicao!I27+'Modulo5_Insumos de Mao de Obra'!H8 -> 0 | G8: =$D$30 -> 0.30445795 | H8: =F8*G8 -> 0 | I8: =H8*E8 -> 0
B9: I | C9: Leiturista | D9: Posto de Serviço | E9: 30 | F9: =Modulo1_Remuneração!I8+Modulo2.3_Encargos!I146+Modulo3.2_Rescisão!H104+Modulo4_Reposicao!I28+'Modulo5_Insumos de Mao de Obra'!H9 -> 0 | G9: =$D$30 -> 0.30445795 | H9: =F9*G9 -> 0 | I9: =H9*E9 -> 0
B10: II | C10: Auxiliar eletricista | D10: Posto de Serviço | E10: 2 | F10: =Modulo1_Remuneração!I9+Modulo2.3_Encargos!I147+Modulo3.2_Rescisão!H105+Modulo4_Reposicao!I29+'Modulo5_Insumos de Mao de Obra'!H10 -> 0 | G10: =$D$30 -> 0.30445795 | H10: =F10*G10 -> 0 | I10: =H10*E10 -> 0
B11: III | C11: Copeiro | D11: Posto de Serviço | E11: 1 | F11: =Modulo1_Remuneração!I10+Modulo2.3_Encargos!I148+Modulo3.2_Rescisão!H106+Modulo4_Reposicao!I30+'Modulo5_Insumos de Mao de Obra'!H11 -> 0 | G11: =$D$30 -> 0.30445795 | H11: =F11*G11 -> 0 | I11: =H11*E11 -> 0
B12: III | C12: Mecânico em manutenção | D12: Posto de Serviço | E12: 1 | F12: =Modulo1_Remuneração!I11+Modulo2.3_Encargos!I149+Modulo3.2_Rescisão!H107+Modulo4_Reposicao!I31+'Modulo5_Insumos de Mao de Obra'!H12 -> 0 | G12: =$D$30 -> 0.30445795 | H12: =F12*G12 -> 0 | I12: =H12*E12 -> 0
B13: III | C13: Porteiro desarmado | D13: Posto de Serviço | E13: 1 | F13: =Modulo1_Remuneração!I12+Modulo2.3_Encargos!I150+Modulo3.2_Rescisão!H108+Modulo4_Reposicao!I32+'Modulo5_Insumos de Mao de Obra'!H13 -> 0 | G13: =$D$30 -> 0.30445795 | H13: =F13*G13 -> 0 | I13: =H13*E13 -> 0
B14: IV | C14: Assistente Técnico de Secretariado | D14: Posto de Serviço | E14: 1 | F14: =Modulo1_Remuneração!I13+Modulo2.3_Encargos!I151+Modulo3.2_Rescisão!H109+Modulo4_Reposicao!I33+'Modulo5_Insumos de Mao de Obra'!H14 -> 0 | G14: =$D$30 -> 0.30445795 | H14: =F14*G14 -> 0 | I14: =H14*E14 -> 0
B15: IV | C15: Auxiliar manutenção predial | D15: Posto de Serviço | E15: 2 | F15: =Modulo1_Remuneração!I14+Modulo2.3_Encargos!I152+Modulo3.2_Rescisão!H110+Modulo4_Reposicao!I34+'Modulo5_Insumos de Mao de Obra'!H15 -> 0 | G15: =$D$30 -> 0.30445795 | H15: =F15*G15 -> 0 | I15: =H15*E15 -> 0
B16: IV | C16: Eletricista | D16: Posto de Serviço | E16: 2 | F16: =Modulo1_Remuneração!I15+Modulo2.3_Encargos!I153+Modulo3.2_Rescisão!H111+Modulo4_Reposicao!I35+'Modulo5_Insumos de Mao de Obra'!H16 -> 0 | G16: =$D$30 -> 0.30445795 | H16: =F16*G16 -> 0 | I16: =H16*E16 -> 0
B17: IV | C17: Pedreiro | D17: Posto de Serviço | E17: 3 | F17: =Modulo1_Remuneração!I16+Modulo2.3_Encargos!I154+Modulo3.2_Rescisão!H112+Modulo4_Reposicao!I36+'Modulo5_Insumos de Mao de Obra'!H17 -> 0 | G17: =$D$30 -> 0.30445795 | H17: =F17*G17 -> 0 | I17: =H17*E17 -> 0
... B19: IV | C19: Técnico de saneamento | D19: Posto de Serviço | E19: 1 | F19: =Modulo1_Remuneração!I18+Modulo2.3_Encargos!I156+Modulo3.2_Rescisão!H114+Modulo4_Reposicao!I38+'Modulo5_Insumos de Mao de Obra'!H19 -> 0 | G19: =$D$30 -> 0.30445795 | H19: =F19*G19 -> 0 | I19: =H19*E19 -> 0
C20: Técnico de informatica | D20: Posto de Serviço | E20: 1 | F20: =Modulo1_Remuneração!I19+Modulo2.3_Encargos!I157+Modulo3.2_Rescisão!H115+Modulo4_Reposicao!I39+'Modulo5_Insumos de Mao de Obra'!H20 -> 0 | G20: =$D$30 -> 0.30445795 | H20: =F20*G20 -> 0 | I20: =H20*E20 -> 0
C21: Total | E21: =SUM(E6:E20) -> 91 | F21: =SUM(F6:F20) -> 0 | H21: =SUM(H6:H20) -> 0 | I21: =SUM(I6:I20) -> 0
C23: Rubrica | D23: Lucro Presumido | E23: Lucro Real
C24: Custos Indiretos | D24: 0.03 | E24: 0.03
C25: Lucro | D25: 0.0679 | E25: 0.0679
C26: Tributos | D26: =D27+D28+D29 -> 0.1425 | E26: =E27+E28+E29 -> 0.0865
C27: PIS | D27: 0.0165 | E27: 0.0065
C28: COFINS | D28: 0.076 | E28: 0.03
C29: ISS | D29: 0.05 | E29: 0.05
C30: Total | D30: =(1+D24)/(1-D26-D25)-1 -> 0.30445795 | E30: =(1+E24)/(1-E26-E25)-1 -> 0.21807001

Sheet Resumo Geral
B2: RESUMO GERAL
B3: Grupo | C3: Descrição | D3: Unidade de Medida | E3: Quantidade | F3: Custo por Homem | G3: Custo do Posto Mês | H3: Custo Anual
B4: I | C4: Auxiliar de pedreiro | D4: Posto de Serviço | E4: 3 | F4: ='Modulo6_Custos Indiretos'!F6+'Modulo6_Custos Indiretos'!H6 -> 0 | G4: =F4*E4 -> 0 | H4: =G4*12 -> 0
B5: I | C5: Auxiliar manutenção geral | D5: Posto de Serviço | E5: 40 | F5: ='Modulo6_Custos Indiretos'!F7+'Modulo6_Custos Indiretos'!H7 -> 0 | G5: =F5*E5 -> 0 | H5: =G5*12 -> 0
B6: I | C6: Auxiliar serviços gerais | D6: Posto de Serviço | E6: 2 | F6: ='Modulo6_Custos Indiretos'!F8+'Modulo6_Custos Indiretos'!H8 -> 0 | G6: =F6*E6 -> 0 | H6: =G6*12 -> 0
B7: I | C7: Leiturista | D7: Posto de Serviço | E7: 30 | F7: ='Modulo6_Custos Indiretos'!F9+'Modulo6_Custos Indiretos'!H9 -> 0 | G7: =F7*E7 -> 0 | H7: =G7*12 -> 0
B8: II | C8: Auxiliar eletricista | D8: Posto de Serviço | E8: 2 | F8: ='Modulo6_Custos Indiretos'!F10+'Modulo6_Custos Indiretos'!H10 -> 0 | G8: =F8*E8 -> 0 | H8: =G8*12 -> 0
B9: III | C9: Copeiro | D9: Posto de Serviço | E9: 1 | F9: ='Modulo6_Custos Indiretos'!F11+'Modulo6_Custos Indiretos'!H11 -> 0 | G9: =F9*E9 -> 0 | H9: =G9*12 -> 0
B10: III | C10: Mecânico em manutenção | D10: Posto de Serviço | E10: 1 | F10: ='Modulo6_Custos Indiretos'!F12+'Modulo6_Custos Indiretos'!H12 -> 0 | G10: =F10*E10 -> 0 | H10: =G10*12 -> 0
B11: III | C11: Porteiro desarmado | D11: Posto de Serviço | E11: 1 | F11: ='Modulo6_Custos Indiretos'!F13+'Modulo6_Custos Indiretos'!H13 -> 0 | G11: =F11*E11 -> 0 | H11: =G11*12 -> 0
B12: IV | C12: Assistente Técnico de Secretariado | D12: Posto de Serviço | E12: 1 | F12: ='Modulo6_Custos Indiretos'!F14+'Modulo6_Custos Indiretos'!H14 -> 0 | G12: =F12*E12 -> 0 | H12: =G12*12 -> 0
B13: IV | C13: Auxiliar manutenção predial | D13: Posto de Serviço | E13: 2 | F13: ='Modulo6_Custos Indiretos'!F15+'Modulo6_Custos Indiretos'!H15 -> 0 | G13: =F13*E13 -> 0 | H13: =G13*12 -> 0
B14: IV | C14: Eletricista | D14: Posto de Serviço | E14: 2 | F14: ='Modulo6_Custos Indiretos'!F16+'Modulo6_Custos Indiretos'!H16 -> 0 | G14: =F14*E14 -> 0 | H14: =G14*12 -> 0
B15: IV | C15: Pedreiro | D15: Posto de Serviço | E15: 3 | F15: ='Modulo6_Custos Indiretos'!F17+'Modulo6_Custos Indiretos'!H17 -> 0 | G15: =F15*E15 -> 0 | H15: =G15*12 -> 0
... B17: IV | C17: Técnico de saneamento | D17: Posto de Serviço | E17: 1 | F17: ='Modulo6_Custos Indiretos'!F19+'Modulo6_Custos Indiretos'!H19 -> 0 | G17: =F17*E17 -> 0 | H17: =G17*12 -> 0
C18: Técnico de informatica | D18: Posto de Serviço | E18: 1 | F18: ='Modulo6_Custos Indiretos'!F20+'Modulo6_Custos Indiretos'!H20 -> 0 | G18: =F18*E18 -> 0 | H18: =G18*12 -> 0
C19: Total | E19: =SUM(E4:E18) -> 91 | G19: =SUM(G4:G18) -> 0 | H19: =SUM(H4:H18) -> 0
B22: RESUMO GERAL (SEM CASAS DECIMAIS)
B23: Grupo | C23: Descrição | D23: Unidade de Medida | E23: Quantidade | F23: Custo por Homem | G23: Custo do Posto Mês | H23: Custo Anual
B24: I | C24: Auxiliar de pedreiro | D24: Posto de Serviço | E24: 3 | G24: =F24*E24 -> 0 | H24: =G24*12 -> 0
B25: I | C25: Auxiliar manutenção geral | D25: Posto de Serviço | E25: 40 | G25: =F25*E25 -> 0 | H25: =G25*12 -> 0
B26: I | C26: Auxiliar serviços gerais | D26: Posto de Serviço | E26: 2 | G26: =F26*E26 -> 0 | H26: =G26*12 -> 0
B27: I | C27: Leiturista | D27: Posto de Serviço | E27: 30 | G27: =F27*E27 -> 0 | H27: =G27*12 -> 0
B28: II | C28: Auxiliar eletricista | D28: Posto de Serviço | E28: 2 | G28: =F28*E28 -> 0 | H28: =G28*12 -> 0
B29: III | C29: Copeiro | D29: Posto de Serviço | E29: 1 | G29: =F29*E29 -> 0 | H29: =G29*12 -> 0
B30: III | C30: Mecânico em manutenção | D30: Posto de Serviço | E30: 1 | G30: =F30*E30 -> 0 | H30: =G30*12 -> 0
B31: III | C31: Porteiro desarmado | D31: Posto de Serviço | E31: 1 | G31: =F31*E31 -> 0 | H31: =G31*12 -> 0
B32: IV | C32: Assistente Técnico de Secretariado | D32: Posto de Serviço | E32: 1 | G32: =F32*E32 -> 0 | H32: =G32*12 -> 0
B33: IV | C33: Auxiliar manutenção predial | D33: Posto de Serviço | E33: 2 | G33: =F33*E33 -> 0 | H33: =G33*12 -> 0
B34: IV | C34: Eletricista | D34: Posto de Serviço | E34: 2 | G34: =F34*E34 -> 0 | H34: =G34*12 -> 0
B35: IV | C35: Pedreiro | D35: Posto de Serviço | E35: 3 | G35: =F35*E35 -> 0 | H35: =G35*12 -> 0
... B37: IV | C37: Técnico de saneamento | D37: Posto de Serviço | E37: 1 | G37: =F37*E37 -> 0 | H37: =G37*12 -> 0
C38: Técnico de informatica | D38: Posto de Serviço | E38: 1 | G38: =F38*E38 -> 0 | H38: =G38*12 -> 0
C39: Total | E39: =SUM(E24:E38) -> 91 | G39: =SUM(G24:G38) -> 0 | H39: =SUM(H24:H38) -> 0
